 Dungeon Crawl Stone Soup version 0.23-a0-767-gdc19b93d68 (webtiles) character file.

1527864 Flugkiller the Acrobat (level 27, 185/185 HPs)
             Began as a Deep Elf Chaos Knight on Jan 21, 2019.
             Was a Favourite Plaything of Xom.
             Escaped with the Orb
             ... and 3 runes!
             The game lasted 04:29:26 (89063 turns).

Flugkiller the Acrobat (Deep Elf Chaos Knight)     Turns: 89063, Time: 04:29:27

Health: 185/185    AC:  9    Str:  8    XL:     27
Magic:  41/41      EV: 43    Int: 39    God:    Xom [..*...]
Gold:   3794       SH: 20    Dex: 23    Spells: 3/50 levels left

rFire    + + .     SeeInvis +   v - +9 rapier (speed)
rCold    + + +     Gourm    .   j - +3 shield
rNeg     . . .     Faith    .   z - +0 robe of Love and Death {*Corrode rPois Regen+ Int+6}
rPois    +         Spirit   +   X - +2 hat {Int+3}
rElec    .         Reflect  .   b - scarf {rC+ rF+}
rCorr    +         Harm     .   M - +1 pair of gloves "Fezyigev" {*Drain rPois rCorr Dex+3}
MR       ++...                  l - +1 pair of boots "Dualeul" {rC+++ MR- Regen+ SInv}
Stlth    +++.......             U - amulet "Sepafud" {Spirit +Blink Str-2 Int+6 Slay+3}
HPRegen  1.20/turn              x - ring of protection from fire
MPRegen  0.27/turn              W - ring of Phasing {EV+8}

@: no status effects
A: antennae 2, claws 1, talons 1, large bone plates 1, rugged brown scales 1,
magic resistance 1, screaming 1, wild magic 1, sturdy frame 1
0: Orb of Zot
}: 3/15 runes: decaying, serpentine, abyssal
a: Renounce Religion, Evoke Blink


You escaped.
You worshipped Xom.
You were a toy of Xom.
You were not hungry.

You visited 9 branches of the dungeon, and saw 48 of its levels.
You visited the Abyss 2 times.
You also visited: Gauntlet.

You collected 8522 gold pieces.
You spent 4728 gold pieces at shops.

Inventory:

Hand Weapons
 v - a +9 rapier of speed (weapon)
   (You took it off a deep elf mage on level 1 of the Elven Halls)
 w - a +10 quick blade
   (You acquired it on level 1 of the Lair of Beasts)
Missiles
 F - 3 throwing nets (quivered)
Armour
 b - a scarf of resistance (worn)
   (You found it on level 6 of the Lair of Beasts)
 j - a +3 shield (worn)
   (You found it on level 4 of the Vaults)
 l - the +1 pair of boots "Dualeul" (worn) {rC+++ MR- Regen+ SInv}
   (You bought it in a shop on level 14 of the Dungeon)

   It renders you almost immune to cold.
   It affects your resistance to hostile enchantments.
   It lets you see invisible.
   It increases your rate of regeneration.
 z - the +0 robe of Love and Death (worn) {*Corrode rPois Regen+ Int+6}
   (You took it off an orc wizard on level 14 of the Dungeon)

   It affects your intelligence (+6).
   It protects you from poison.
   It increases your rate of regeneration.
   It may corrode you when you take damage.
 M - the +1 pair of gloves "Fezyigev" (worn) {*Drain rPois rCorr Dex+3}
   (You bought it in a shop on level 9 of the Dungeon)

   It affects your dexterity (+3).
   It protects you from poison.
   It provides partial protection from all sources of acid and corrosion.
   It causes draining when unequipped.
 X - a +2 hat of intelligence (worn)
   (You found it in a Gauntlet)
Jewellery
 x - a ring of protection from fire (left hand)
   (You took it off a fire giant on level 4 of the Depths)
 B - a +3 ring of evasion
   (You found it on level 5 of the Dungeon)
 U - the amulet "Sepafud" (around neck) {Spirit +Blink Str-2 Int+6 Slay+3}
   (You found it in a Gauntlet)

   [amulet of guardian spirit]

   It causes incoming damage to be split between your health and magic.
   It affects your strength (-2).
   It affects your intelligence (+6).
   It affects your accuracy and damage with ranged weapons and melee attacks
   (+3).
   It lets you blink.
 W - the ring of Phasing (right hand) {EV+8}
   (You bought it in a shop on level 2 of the Snake Pit)

   [ring of evasion]

   It affects your evasion (+8).
Wands
 e - a wand of acid (44)
   (You found it on level 3 of the Swamp)
 m - a wand of iceblast (61)
   (You found it on level 3 of the Dungeon)
 p - a wand of disintegration (40)
   (You found it on level 3 of the Snake Pit)
 H - a wand of scattershot (6)
   (You took it off an orc wizard on level 14 of the Dungeon)
 K - a wand of clouds (4)
   (You found it on level 4 of the Vaults)
 L - a wand of paralysis (29)
   (You found it on level 8 of the Dungeon)
 O - a wand of enslavement (13)
   (You found it on level 2 of the Lair of Beasts)
 Q - a wand of digging (24)
   (You found it on level 2 of the Snake Pit)
Scrolls
 d - 10 scrolls of teleportation
 i - 11 scrolls of remove curse
 k - 5 scrolls of magic mapping
 n - 7 scrolls of immolation
 o - 7 scrolls of fog
 u - 4 scrolls of fear
 A - a scroll of summoning
 I - 2 scrolls of vulnerability
 R - 3 scrolls of torment
 V - 19 scrolls of identify
Potions
 f - 4 potions of agility
 g - 4 potions of cancellation
 q - 13 potions of curing
 r - 5 potions of ambrosia
 s - 7 potions of berserk rage
 t - 4 potions of invisibility
 D - 8 potions of brilliance
 E - 4 potions of heal wounds
 G - 2 potions of might
 J - 2 potions of haste
 Y - 2 potions of resistance
Miscellaneous
 h - 2 phantom mirrors
 y - a lamp of fire
   (You found it in a Gauntlet)
 C - a fan of gales
   (Xom gifted it to you on level 7 of the Dungeon)
 S - a phial of floods
   (You found it on level 2 of the Depths)
 T - a lightning rod (4/4)
   (You found it on level 14 of the Dungeon)
Comestibles
 c - 59 rations


   Skills:
 - Level 20.4 Fighting
 - Level 14.0 Short Blades
 - Level 5.0 Armour
 - Level 25.3 Dodging
 - Level 17.0 Stealth
 - Level 15.0 Shields
 - Level 12.1 Spellcasting
 - Level 4.0 Conjurations
 - Level 7.9 Charms
 + Level 17.5 Summonings
 - Level 4.1 Necromancy
 - Level 11.0 Transmutations
 - Level 6.0 Ice Magic
 - Level 11.0 Earth Magic
 - Level 15.1 Evocations


You had 3 spell levels left.
You knew the following spells:

 Your Spells              Type           Power        Failure   Level  Hunger
a - Ozocubu's Armour      Chrm/Ice       #######.     1%          3    None
b - Statue Form           Tmut/Erth      #######..    4%          6    ###....
c - Borgnjor's Vile Clut  Necr/Erth      #######...   3%          5    None
d - Irradiate             Conj/Tmut      #######...   3%          5    None
e - Passwall              Tmut/Erth      #######.     1%          2    None
f - Regeneration          Chrm/Necr      #######...   1%          3    None
g - Blink                 Tloc           N/A          4%          2    None
h - Summon Butterflies    Summ           ########     1%          1    None
i - Shadow Creatures      Summ           N/A          1%          6    ###....
j - Summon Mana Viper     Hex/Summ       #######.     2%          5    None
k - Summon Forest         Summ/Tloc      #######...   2%          5    None
l - Summon Lightning Spi  Summ/Air       #######.     1%          4    None

Your spell library contained the following spells:

 Spells                   Type           Power        Failure   Level  Hunger
 Animate Skeleton         Necr           N/A          1%          1    None
 Beastly Appendage        Tmut           ######       1%          1    None
 Flame Tongue             Conj/Fire      #####        1%          1    None
 Freeze                   Ice            ####         1%          1    None
 Magic Dart               Conj           ####         1%          1    None
 Pain                     Necr           ####         1%          1    None
 Sandblast                Erth           ######       1%          1    None
 Shock                    Conj/Air       ####         1%          1    None
 Sting                    Conj/Pois      ####         1%          1    None
 Summon Small Mammal      Summ           ####         1%          1    None
 Call Imp                 Summ           ########     1%          2    None
 Corpse Rot               Necr           N/A          1%          2    None
 Ensorcelled Hibernation  Hex/Ice        ######       1%          2    None
 Searing Ray              Conj           ######       1%          2    None
 Shroud of Golubria       Chrm/Tloc      ######....   1%          2    None
 Sticks to Snakes         Tmut           #######.     1%          2    None
 Sublimation of Blood     Necr           ######....   1%          2    None
 Throw Frost              Conj/Ice       ######       1%          2    None
 Call Canine Familiar     Summ           ########     1%          3    None
 Spider Form              Tmut/Pois      ######....   1%          3    None
 Stone Arrow              Conj/Erth      ######       1%          3    None
 Summon Guardian Golem    Hex/Summ       #######.     1%          3    None
 Vampiric Draining        Necr           ######....   1%          3    None
 Ignite Poison            Fire/Tmut/Pois ######..     2%          3    None
 Corona                   Hex            ####...      3%          1    None
 Conjure Flame            Conj/Fire      ######..     3%          3    None
 Dazzling Spray           Conj/Hex       ######       3%          3    None
 Poisonous Vapours        Pois/Air       ####..       4%          2    None
 Slow                     Hex            ####....     4%          2    None
 Mephitic Cloud           Conj/Pois/Air  #####...     4%          3    None
 Gell's Gravitas          Tloc           ####......   8%          3    None
 Inner Flame              Hex/Fire       ####....     8%          3    None
 Lesser Beckoning         Tloc           ####......   8%          3    None
 Portal Projectile        Hex/Tloc       ####..       8%          3    None
 Teleport Other           Tloc           ####....     8%          3    None
 Ice Form                 Ice/Tmut       #######.     1%          4    None
 Petrify                  Tmut/Erth      #######.     1%          4    None
 Summon Ice Beast         Ice/Summ       ########     1%          4    None
 Blade Hands              Tmut           #######...   1%          5    None
 Lee's Rapid Deconstruct  Erth           #######...   1%          5    None
 Summon Demon             Summ           ########..   1%          5    None
 Summon Hydra             Summ           ########..   1%          7    #####..
 Leda's Liquefaction      Hex/Erth       ######....   3%          4    None
 Throw Icicle             Conj/Ice       ######..     3%          4    None
 Animate Dead             Necr           N/A          4%          4    None
 Iskenderun's Mystic Bla  Conj           ######..     5%          4    None
 Excruciating Wounds      Chrm/Necr      #######...   6%          5    None
 Alistair's Intoxication  Tmut/Pois      ######..     7%          5    None
 Force Lance              Conj/Tloc      ######..     11%         4    None
 Fulminant Prism          Conj/Hex       ######....   11%         4    None
 Sticky Flame             Conj/Fire      ######..     11%         4    None
 Agony                    Necr           ######..     12%         5    None
 Bolt of Draining         Conj/Necr      ######....   12%         5    None
 Dispel Undead            Necr           ######..     12%         5    None
 Dragon Form              Tmut           #######...   21%         7    #####..
 Airstrike                Air            ####......   22%         4    None
 Cause Fear               Hex            ####......   22%         4    None
 Olgreb's Toxic Radiance  Pois           ####....     22%         4    None
 Fireball                 Conj/Fire      ######....   26%         5    None
 Venom Bolt               Conj/Pois      ######....   26%         5    None
 Silence                  Hex/Air        ####......   47%         5    None
 Bolt of Fire             Conj/Fire      ######....   78%         6    ###....
 Poison Arrow             Conj/Pois      ######....   78%         6    ###....
 Dragon's Call            Summ           ########..   82%         9    #######
 Darkness                 Hex            ####......   96%         6    ###....
 Lehudib's Crystal Spear  Conj/Erth      #######...   99%         8    ######.
 Chain Lightning          Conj/Air       ######....   100%        8    ######.
 Fire Storm               Conj/Fire      ######....   100%        9    #######
 Glaciate                 Conj/Ice       ######....   100%        9    #######
 Tornado                  Air            ####......   100%        9    #######
 Passage of Golubria      Tloc           Unusable     N/A         4    N/A

Dungeon Overview and Level Annotations

Branches:
Dungeon (15/15)            Temple (0/1) D:5            Lair (6/6) D:11
  Swamp (4/4) Lair:4        Snake (4/4) Lair:3        Slime (0/5) Lair:6
    Orc (2/2) D:11            Elf (3/3) Orc:2        Vaults (4/5) D:14
  Crypt (0/3) Vaults:3     Depths (5/5) D:15            Zot (5/5) Depths:5

Altars:
Ashenzari
Cheibriados
Dithmenos
Elyvilon
Hepliaklqana
Kikubaaqudgha
Makhleb
Ru
Sif Muna
Trog
Uskayaw
Xom
Yredelemnul
The Shining One
Beogh

Shops:
D:9 ?[*[   D:10 **[   D:11 }=(:[   D:14 [   Orc:2 (*:[[   Snake:2 ==[
Snake:3 (   Vaults:1 }   Vaults:2 [%!(=   Depths:1 *

Portals:
Hell: Depths:1 Depths:2 Depths:3 Depths:4 Depths:5
Abyss: Depths:2 Depths:4
Pandemonium: Depths:3
Ziggurat: Depths:2

Annotations:
D:5 1 runed door, Tinttamiau's ghost, novice DsGl
D:6 Menkaure
D:13 1 runed door, Ycojonko's ghost, journeyman GnWn
Lair:5 exclusion: 2 oklob plants
Lair:6 1 runed door, LLavrengius's ghost, journeyman OpFi
Orc:1 2 runed doors, exclusion: orange crystal statue
Elf:2 3 runed doors
Depths:3 2 transporters, 1 runed door, Tinttamiau's ghost, veteran GnWn
Zot:3 exclusion: upstairs


Innate Abilities, Weirdness & Mutations

You have a pair of antennae on your head.
You have sharp fingernails.
You have sharp toenails.
You are partially covered in large bone plates. (SH +4)
You are partially covered in rugged brown scales. (AC +1, +3% HP)
You are resistant to hostile enchantments. (MR+)
You occasionally shout uncontrollably at your foes.
Your spells are a little harder to cast, but a little more powerful.
Your movements are slightly less encumbered by armour. (ER -2)


Message History

HP restored.
You climb upwards.
There is a stone staircase leading down here.
(D) Dungeon (T) Temple (L) Lair (S) Swamp (P) Snake Pit (M) Slime Pits (O) Orcish Mines (E) Elven Halls (V) Vaults (C) Crypt (U) Depths (H) Hell (Z) Zot
Where to? (Enter - D:1 @ (x,y), ? - help)
A Hell Sentinel comes into view.
Throwing (i - inventory)
F - 4 throwing nets (quivered)
Press: ? - help, Shift-Dir - straight line, f - Hell Sentinel
Aim: a Hell Sentinel You throw a throwing net.
The throwing net hits the Hell Sentinel.
The Hell Sentinel is caught in the net!
The Hell Sentinel struggles against the net.
Unknown command.
Unknown command.
Casting: Statue Form (safe; 4% risk of failure)
Confirm with . or Enter, or press ? or * to list all spells.
Aiming: Passwall (safe; 1% risk of failure)
Press: ? - help, Dir - move target cursor A rock wall.
This square is covered in magical glow.
You begin to meditate on the wall.
You continue meditating on the rock. x4
You finish merging with the rock.
Unknown command.
There is an open door here.
A red devil comes into view. It is wielding a +0 trident.
The red devil completely misses you.
You puncture the red devil!
The red devil is moderately wounded.
You puncture the red devil!
The red devil is severely wounded.
You hit the red devil but do no damage.
The red devil is severely wounded.
You puncture the red devil!
You kill the red devil!
You see here a +0 trident.
Casting: Passwall (safe; 1% risk of failure)
Confirm with . or Enter, or press ? or * to list all spells.
Aiming: Passwall (safe; 1% risk of failure)
Press: ? - help, Dir - move target cursor A rock wall.
This square is covered in magical glow.
You begin to meditate on the wall.
You continue meditating on the rock. x2
You finish merging with the rock.
There is a staircase leading out of the dungeon here.
Enter note: gg You have escaped!

........# #.#.# ........#
#.#.# ........# #.#.####
....##### #.#....#########
....# #'####.#.......######
....#
#######.#8.#.'>......'.....
.#..#
#..........#.#.......######
.##.###8..8..8...#.#.......#
#
.##...'.........@#.#.......#
#
#######8..8..8...#.#.......#
# #..........#.######### #
#############.#8.#.# #
....).......#'####.# #
#####.......#.#....# #
...##..#.####.#.#.## #
...##..#.# #.#.#.# #
...##..#.# #.#.#.# #


There were no monsters in sight!

Vanquished Creatures
  4 orbs of fire
  4 ancient liches
  A juggernaut (Depths:4)
  Sojobo (Depths:2)
  Saint Roka (Depths:2)
  3 Killer Klowns
  Margery (Depths:5)
  A shard shrike (Zot:3)
  4 curse toes
  2 caustic shrikes (Depths:5)
  Frederick (Depths:4)
  9 golden dragons
  Nikola (Vaults:3)
  A bone dragon (Depths:5)
  2 electric golems
  A hellephant (Zot:4)
  4 liches
  20 Orb Guardians
  7 tentacled monstrosities
  2 deep elf master archers (Elf:3)
  7 death cobs
  4 deep elf blademasters (Elf:3)
  2 acid blobs
  3 quicksilver dragons
  2 ancient champions
  An Executioner (Abyss:3)
  2 sphinxes
  3 tentacled starspawn
  3 thorn hunters
  Kirke (Lair:6)
  5 tengu reavers
  5 shadow dragons
  Agnes (Snake:2)
  6 storm dragons
  A revenant (Abyss:1)
  2 azure jellies
  7 draconian monks
  6 nagarajas (Snake:4)
  Roxanne (Swamp:2)
  4 frost giants
  9 fire giants
  7 vault wardens
  4 ghost moths
  3 draconian knights
  6 deep elf sorcerers
  4 draconian scorchers
  2 iron dragons
  2 ghouls (Vaults:3)
  A draconian shifter (Zot:2)
  An orc warlord (Orc:2)
  3 cacodemons (Abyss:3)
  13 deep elf elementalists
  2 spriggan defenders (Depths:4)
  5 draconian annihilators
  5 draconian stormcallers
  A reaper (Abyss:4)
  5 ironheart preservers
  32 very ugly things
  4 entropy weavers
  6 vampire knights
  14 green draconians
  15 stone giants
  15 black draconians
  Azrael (D:13)
  5 dire elephants
  7 deep elf demonologists
  4 red draconians
  16 white draconians
  A minotaur (Gauntlet)
  A dire elephant (shapeshifter) (Depths:1)
  2 spark wasps (Depths:5)
  16 purple draconians
  4 deep elf annihilators (Elf:3)
  8 yellow draconians
  16 ettins
  An eidolon (Vaults:3)
  A green death (Zot:2)
  8 fire dragons
  6 deep elf death magi
  Josephine (D:13)
  3 deep elf high priests (Elf:3)
  5 jiangshi (Depths:3)
  10 great orbs of eyes
  20 naga warriors
  9 vault guards
  17 hydras
  5 ghost crabs
  13 yaktaur captains
  3 rakshasas
  A hydra (shapeshifter) (Elf:2)
  3 shambling mangroves
  13 ice dragons
  A spriggan air mage (Depths:5)
  9 anacondas
  2 satyrs
  An anaconda (shapeshifter) (Depths:3)
  7 alligators
  2 catoblepae
  5 death knights
  13 centaur warriors
  9 dancing weapons
  6 deep troll earth magi
  12 ogre magi
  6 deep troll shamans
  32 two-headed ogres
  15 death yaks
  A queen ant (shapeshifter) (Depths:1)
  2 queen ants
  2 hell hogs (Abyss:4)
  8 orc high priests
  3 spriggan berserkers
  7 tengu warriors
  12 thrashing horrors
  5 vampire magi
  9 shock serpents
  12 naga sharpshooters
  9 deep elf knights
  14 skeletal warriors
  3 iron trolls
  7 wretched stars
  21 hell knights
  3 sixfirhies
  A fire crab (shapeshifter) (Depths:2)
  4 shadow wraiths
  A deep troll (shapeshifter) (D:14)
  A salamander mystic (Snake:3)
  6 unseen horrors
  4 glowing orange brains
  9 naga ritualists
  A spriggan druid (Swamp:1)
  15 deep trolls
  A shadow demon (Depths:1)
  7 swamp dragons
  A harpy (shapeshifter) (Depths:5)
  4 wizards
  18 orc knights
  2 flayed ghosts
  9 phantasmal warriors
  A lindwurm (Lair:6)
  57 deep elf magi
  30 large abominations
  3 necromancers
  15 ironbrand convokers
  16 deep elf archers
  6 harpies
  7 orc sorcerers
  Pikel (D:4)
  4 mana vipers
  3 wolf spiders
  3 manticores
  A shining eye (Abyss:3)
  A salamander (shapeshifter) (Vaults:2)
  41 ugly things
  7 salamanders
  4 fire giant zombies (Depths:3)
  3 frost giant zombies (Depths:3)
  20 moths of wrath
  7 cyclopes
  A wolf spider (shapeshifter) (Vaults:3)
  3 centaur zombies
  A cyclops (shapeshifter) (Depths:2)
  A shock serpent zombie (Abyss:3)
  10 vault sentinels
  2 rust devils
  11 elephants
  2 guardian serpents (Snake:4)
  28 black mambas
  A black mamba (shapeshifter) (Vaults:2)
  A molten gargoyle (Depths:1)
  17 naga magi
  2 water nymphs
  A spiny frog (shapeshifter) (Elf:2)
  A torpor snail (shapeshifter) (D:13)
  7 smoke demons
  14 spiny frogs
  A hellion (Abyss:5)
  11 komodo dragons
  24 yaktaurs
  2 kobold demonologists (Depths:1)
  3 rime drakes
  2 gargoyles
  8 efreet
  A rime drake (shapeshifter) (Vaults:1)
  2 tormentors
  12 freezing wraiths
  3 tengu conjurers
  6 ancient zymes
  A red devil (D:1)
  2 polar bears
  2 polar bears (shapeshifter)
  A meliai (shapeshifter) (Vaults:3)
  12 trolls
  A silent spectre (Abyss:3)
  2 jumping spiders
  6 tyrant leeches
  A merfolk (shapeshifter) (Swamp:3)
  2 wind drakes (shapeshifter)
  A jumping spider (shapeshifter) (D:12)
  A meliai (D:14)
  14 hornets
  5 bog bodies
  18 raiju
  18 blink frogs
  A slime creature (shapeshifter) (D:14)
  43 slime creatures
  11 hippogriffs
  A hippogriff (shapeshifter) (Vaults:1)
  6 dream sheep (Lair:6)
  A raiju (shapeshifter) (Depths:1)
  A meliai zombie (D:14)
  14 flying skulls
  3 ynoxinuls
  A tarantella (D:10)
  An air elemental (Elf:3)
  5 wraiths
  3 spriggans
  18 water elementals
  7 shadows
  A vampire (D:15)
  A redback (Depths:1)
  48 yaks
  6 hogs
  Eustachio (D:5)
  9 fire elementals
  5 golden eyes (Abyss:3)
  9 wyverns
  7 basilisks
  A fire bat (shapeshifter) (Depths:2)
  2 chaos spawn
  6 neqoxecs
  A hungry ghost (D:15)
  4 swamp worm simulacra (Swamp:4)
  A human (D:9)
  A steam dragon (D:11)
  19 vampire mosquitoes
  Edmund (D:6)
  25 swamp worms
  47 nagas
  2 spatial vortices
  7 insubstantial wisps
  A soldier ant (shapeshifter) (Vaults:4)
  12 soldier ants
  13 hydra simulacra (Swamp:4)
  4 acid dragons
  3 wargs
  8 water moccasins
  Duvessa (D:6)
  13 hell hounds
  2 porcupines
  3 floating eyes
  4 swamp drakes
  4 sky beasts
  An ettin simulacrum (Vaults:2)
  A meliai simulacrum (D:14)
  A phantom (D:11)
  An ice dragon simulacrum (Vaults:1)
  51 orc warriors
  A slave (D:4)
  3 black bears
  12 starcursed masses
  An ice beast (D:15)
  7 eyes of draining
  26 ogres
  2 necrophages
  2 wolves (Depths:3)
  15 centaurs
  9 boggarts
  2 big kobolds
  14 crocodiles
  Blork the orc (D:4)
  24 small abominations
  4 earth elementals
  Dowan (D:6)
  26 bullfrogs
  4 scorpions
  4 wyvern skeletons
  55 killer bees
  8 wights
  3 spectral wolves (Depths:3)
  3 howler monkeys
  10 crimson imps
  2 quasits
  5 bullfrog zombies
  5 hounds
  An iron imp (Abyss:3)
  4 jellies
  7 centaur skeletons
  15 orc priests
  2 bullfrog skeletons
  9 iguanas
  31 orc wizards
  Natasha (thrice) (D:4)
  14 worker ants
  5 hell rats
  A centaur simulacrum (D:9)
  A hound zombie (D:10)
  10 gnolls
  A howler monkey skeleton (D:11)
  14 adders
  9 shadow imps
  3 white imps
  2 swamp drake simulacra (Swamp:4)
  An ufetubus (Abyss:4)
  An ooze (shapeshifter) (Depths:2)
  An adder zombie (D:9)
  4 worms
  3 dart slugs
  3 leopard geckos
  112 orcs
  7 bats
  5 giant cockroaches
  13 hobgoblins
  11 jackals
  4 quokkas
  2 ball pythons
  4 frilled lizards
  5 goblins
  19 kobolds
  A quokka skeleton (D:5)
  6 rats
  2 briar patches (Swamp:3)
  2 macabre masses (Abyss:3)
  3 plants (Lair:6)
  7 starspawn tentacles
2352 creatures vanquished.

Vanquished Creatures (collateral kills)
  An ancient lich (Zot:5)
  A caustic shrike (Depths:5)
  Jory (Depths:3)
  An electric golem (Zot:3)
  2 tentacled monstrosities
  3 Orb Guardians (Zot:5)
  A shadow dragon (shapeshifter) (Zot:5)
  A storm dragon (Zot:1)
  A tengu reaver (Vaults:3)
  A draconian monk (Zot:4)
  A draconian knight (Zot:4)
  A draconian stormcaller (Zot:4)
  A very ugly thing (Depths:2)
  A black draconian (Zot:4)
  2 yellow draconians
  A white draconian (Zot:4)
  A deep troll earth mage (Depths:4)
  An alligator (Swamp:4)
  A skeletal warrior (Depths:4)
  A shadow demon (Depths:1)
  A deep troll (Depths:4)
  A mana viper (Lair:3)
  An elephant (Lair:6)
  A black mamba (Snake:1)
  2 naga magi (Snake:4)
  A troll (Orc:2)
  A hippogriff (D:15)
  A yak (Lair:6)
  A swamp worm simulacrum (Swamp:4)
  6 soldier ants (Lair:6)
  3 nagas
  A crocodile (Lair:6)
  A killer bee (D:10)
  3 wights (D:9)
  A jelly (Depths:2)
  7 worker ants (Lair:6)
  A swamp drake simulacrum (Swamp:4)
57 creatures vanquished.

Vanquished Creatures (others)
  A caustic shrike (Depths:5)
  A tentacled starspawn (Abyss:4)
  A fire giant (Depths:1)
  A draconian stormcaller (Zot:4)
  A very ugly thing (Depths:3)
  A jiangshi (Depths:3)
  A deep elf high priest (Elf:3)
  An ice dragon (Depths:4)
  A hydra (Swamp:2)
  4 dancing weapons
  A deep troll earth mage (Depths:1)
  A spriggan (Swamp:4)
  A skeletal warrior (Depths:4)
  2 deep trolls
  A sea snake (Elf:2)
  A necromancer (Depths:2)
  A wizard (Gauntlet)
  A large abomination (Abyss:3)
  An ugly thing (D:12)
  A cyclops (D:12)
  A salamander (Snake:4)
  An elephant (Lair:6)
  2 spiny frogs
  A freezing wraith (Swamp:4)
  A tyrant leech (Swamp:1)
  A hornet (Swamp:4)
  Prince Ribbit (D:7)
  2 yaks (Lair:3)
  A hungry ghost (D:13)
  A swamp worm (Swamp:3)
  A naga (Lair:3)
  A porcupine (Lair:3)
  A hell hound (D:13)
  2 orc warriors
  A swamp drake (Swamp:4)
  A hound (D:14)
  A shadow imp (Gauntlet)
  2 orcs
  4 briar patches
  7 fungi
  7 plants
  18 starspawn tentacles
  4 tentacles (Abyss:5)
  3 withered plants (Gauntlet)
89 creatures vanquished.

Grand Total: 2498 creatures vanquished

Notes
Turn   | Place    | Note
-------+----------+-------------------------------------------
     0 | D:1      | Flugkiller the Deep Elf Chaos Knight began the quest for
                  | the Orb.
     0 | D:1      | Reached XP level 1. HP: 13/13 MP: 3/3
   126 | D:1      | XOM: butterfly on damage
   223 | D:1      | XOM: god gift: ration
   271 | D:1      | XOM: give mutation
   271 | D:1      | Gained mutation: Your body sometimes deteriorates upon
                  | taking damage. [Xom's mischief]
   346 | D:1      | Reached XP level 2. HP: 17/18 MP: 4/4
  1006 | D:2      | Reached XP level 3. HP: 20/22 MP: 5/5
  1444 | D:2      | Found a shattered altar of Ashenzari.
  1520 | D:2      | XOM: noise
  1797 | D:2      | Reached XP level 4. HP: 15/27 MP: 6/6
  2674 | D:3      | XOM: potion effect (brilliance)
  2721 | D:3      | XOM is BORED!
  2721 | D:3      | XOM: 5-stop teleportation journey
  3101 | D:3      | Reached skill level 5 in Short Blades
  3101 | D:3      | Reached XP level 5. HP: 20/32 MP: 7/7
  3152 | D:3      | XOM: harmless Summ miscast
  3441 | D:3      | XOM: cast spell 'Cause Fear'
  3724 | D:3      | XOM is BORED!
  3724 | D:3      | XOM: mild Chrm miscast
  4158 | D:4      | Reached XP level 6. HP: 36/38 MP: 8/8
  4163 | D:4      | XOM: harmless Pois miscast
  4196 | D:4      | Found a shadowy altar of Dithmenos.
  4199 | D:4      | Found a burning altar of Makhleb.
  4202 | D:4      | Found a sacrificial altar of Ru.
  4210 | D:4      | Noticed Blork the orc
  4223 | D:4      | XOM: harmless Chrm miscast
  4234 | D:4      | Killed Blork the orc
  4517 | D:4      | Noticed Pikel
  4605 | D:4      | Noticed a slave
  4605 | D:4      | Noticed a slave
  4606 | D:4      | Noticed a slave
  4608 | D:4      | Noticed a slave
  4615 | D:4      | Killed a slave
  4625 | D:4      | XOM: summons 6 friendly demons
  4641 | D:4      | XOM: polymorph shadow imp -> iron imp
  4645 | D:4      | XOM: polymorph iron imp -> crimson imp
  4647 | D:4      | XOM: summons friendly crimson imp
  4843 | D:4      | Killed Pikel
  4843 | D:4      | Reached skill level 5 in Fighting
  4843 | D:4      | Reached XP level 7. HP: 23/44 MP: 9/9
  5030 | D:4      | Noticed Natasha
  5041 | D:4      | Killed Natasha
  5075 | D:4      | Got a faintly humming leather armour
  5093 | D:4      | Identified the +1 leather armour "Uhiczah" {rPois rCorr
                  | Str+6} (You found it on level 4 of the Dungeon)
  5200 | D:4      | XOM: give mutations
  5200 | D:4      | Gained mutation: Your mind is acute. (Int +2) [Xom's grace]
  5200 | D:4      | Gained mutation: You expend magic power (3 MP) to
                  | strengthen your wands. [Xom's grace]
  5200 | D:4      | Gained mutation: You have sharp toenails. [Xom's grace]
  5200 | D:4      | Gained mutation: You possess an exceptional clarity of
                  | mind. [Xom's grace]
  5250 | D:4      | Noticed Natasha
  5263 | D:4      | Killed Natasha
  5324 | D:4      | Noticed Natasha
  5331 | D:4      | Killed Natasha
  5387 | D:5      | Entered Level 5 of the Dungeon
  5393 | D:5      | XOM: smoke on damage
  5497 | D:4      | XOM: give mutation
  5497 | D:4      | Gained mutation: You are partially covered in icy blue
                  | scales. (AC +2) [Xom's grace]
  5521 | D:5      | Found a staircase to the Ecumenical Temple.
  5543 | D:5      | You fall through a shaft for 2 floors!
  5544 | D:7      | XOM: cleaving
  5555 | D:7      | Found a hide-covered altar of Uskayaw.
  5584 | D:7      | Reached XP level 8. HP: 47/51 MP: 10/10
  5726 | D:7      | XOM: divination: detect creatures
  5794 | D:7      | XOM: polymorph centaur -> worm
  5890 | D:7      | Noticed Prince Ribbit
  5919 | D:7      | Killed Prince Ribbit
  5919 | D:7      | XOM: destruction
  6277 | D:7      | Found a snail-covered altar of Cheibriados.
  6379 | D:7      | XOM: 3-stop teleportation journey
  6544 | D:7      | XOM: divination: detect items
  6585 | D:6      | Noticed a two-headed ogre
  6587 | D:6      | XOM: divination: magic mapping
  6825 | D:7      | XOM: 2-stop teleportation journey
  6826 | D:7      | XOM: scenery: create altars
  6974 | D:7      | XOM: god gift: fan of gales
  7016 | D:7      | XOM: give mutation
  7016 | D:7      | Gained mutation: Your mind is very acute. (Int +4) [Xom's
                  | mischief]
  7156 | D:5      | Reached XP level 9. HP: 44/57 MP: 11/11
  7168 | D:5      | Noticed Eustachio
  7207 | D:5      | Killed Eustachio
  7326 | D:5      | XOM: harmless Summ miscast
  7342 | D:5      | XOM: chaos upgrade
  7363 | D:5      | XOM: scenery: create altars
  7365 | D:5      | XOM: 1-stop teleportation journey
  7402 | D:5      | XOM: enchant monster (bad)
  7941 | D:5      | XOM: divination: magic mapping
  8095 | D:5      | Found a runed door.
  8097 | D:5      | Noticed Tinttamiau's ghost (novice DsGl)
  8301 | D:6      | Noticed Menkaure
  8309 | D:6      | XOM: enchant monster (bad)
  8459 | D:5      | XOM: harmless Summ miscast
  8654 | D:6      | XOM: confuse monster(s)
  8693 | D:6      | XOM: harmless Necr miscast
  8742 | D:6      | XOM is BORED!
  8742 | D:6      | XOM: mild Necr miscast
  8895 | D:6      | XOM: confuse monster(s)
  8911 | D:6      | Reached skill level 10 in Short Blades
  9009 | D:6      | XOM: noise
  9081 | D:6      | XOM: enchant monster (good)
  9085 | D:6      | Killed a two-headed ogre
  9132 | D:6      | Noticed Edmund
  9137 | D:6      | XOM: cast spell 'Olgreb's Toxic Radiance'
  9153 | D:6      | Killed Edmund
  9415 | D:6      | Found a bloodstained altar of Trog.
  9459 | D:6      | Noticed Dowan
  9460 | D:6      | Noticed Duvessa
  9484 | D:6      | XOM: divination: detect items
  9493 | D:6      | XOM: potion effect (brilliance)
  9497 | D:6      | XOM: silly message
  9505 | D:6      | XOM: divination: detect items
  9516 | D:6      | Killed Duvessa
  9516 | D:6      | Reached XP level 10. HP: 36/65 MP: 12/12
  9525 | D:6      | Killed Dowan
  9583 | D:6      | XOM: harmless Tloc miscast
  9648 | D:6      | Found a shattered altar of Ashenzari.
 10153 | D:8      | Found a shimmering altar of Xom.
 10161 | D:8      | XOM: harmless Chrm miscast
 10169 | D:8      | Reached skill level 3 in Dodging
 10251 | D:8      | Reached skill level 4 in Dodging
 10351 | D:8      | XOM: potion effect (might)
 10353 | D:8      | Reached skill level 5 in Dodging
 10540 | D:8      | XOM: noise
 10697 | D:8      | XOM: harmless Conj miscast
 10713 | D:8      | Reached skill level 6 in Dodging
 10857 | D:8      | XOM: god gift: broad axe {god gift}
 10862 | D:9      | Found Qolyablo's Magic Scroll Shoppe.
 10910 | D:9      | Reached skill level 1 in Evocations
 10917 | D:9      | XOM: enchant monster (good)
 10922 | D:9      | XOM: summons friendly shadow imp
 10935 | D:9      | XOM: divination: magic mapping
 11063 | D:8      | XOM: harmless Fire miscast
 11079 | D:9      | Bought a scroll of teleportation for 36 gold pieces
 11079 | D:9      | Bought a scroll of teleportation for 36 gold pieces
 11118 | D:9      | Found a hazy altar of Hepliaklqana.
 11152 | D:9      | Reached skill level 7 in Dodging
 11154 | D:9      | XOM: mild Necr miscast
 11351 | D:9      | Found Yhanutio's Armour Shoppe.
 11394 | D:9      | XOM: scenery: create altars
 11427 | D:9      | Found Bisynledi's Armour Boutique.
 11436 | D:9      | XOM: polymorph yak -> human
 11453 | D:9      | XOM: scenery: create altars
 11460 | D:9      | XOM: harmless Fire miscast
 11487 | D:9      | XOM: scenery: create altars
 11612 | D:9      | XOM: 2-stop teleportation journey
 11721 | D:9      | Reached skill level 8 in Dodging
 11793 | D:9      | Found Xunwij's Antique Armour Shop.
 11794 | D:9      | Found Jyalec's General Store.
 11802 | D:9      | Bought the +1 pair of gloves "Fezyigev" {*Drain rPois rCorr
                  | Dex+3} for 405 gold pieces
 11823 | D:9      | XOM: summons friendly crimson imp
 11830 | D:9      | XOM: cleaving
 11835 | D:9      | XOM: scenery: 1 doors close
 11862 | D:9      | XOM: smoke on damage
 11894 | D:9      | XOM: summons friendly white imp
 11897 | D:9      | XOM: summons 6 friendly demons
 12040 | D:9      | XOM: mild Conj miscast
 12140 | D:9      | XOM: polymorph iguana -> centaur
 12142 | D:9      | Reached skill level 5 in Evocations
 12185 | D:9      | Bought a scroll of identify for 24 gold pieces
 12185 | D:9      | Bought a scroll of identify for 24 gold pieces
 12185 | D:9      | Bought a scroll of identify for 24 gold pieces
 12205 | D:10     | Entered Level 10 of the Dungeon
 12205 | D:10     | Found Menk's General Store.
 12209 | D:10     | Found a shimmering altar of Xom.
 12209 | D:10     | Noticed an oklob plant
 12254 | D:10     | XOM: swap monsters
 12339 | D:10     | Found Locs's Assorted Antiques.
 12359 | D:10     | Bought a scroll of identify for 44 gold pieces
 12423 | D:10     | Found a basalt altar of Yredelemnul.
 12428 | D:10     | Found Utum's Armour Emporium.
 12437 | D:10     | XOM: polymorph troll -> tarantella
 12440 | D:10     | Reached skill level 9 in Dodging
 12440 | D:10     | Reached XP level 11. HP: 31/71 MP: 12/16
 12462 | D:10     | XOM: noise
 12739 | D:10     | XOM: harmless Erth miscast
 12741 | D:10     | XOM: mild Summ miscast
 12746 | D:10     | XOM: cast spell 'Summon Hydra'
 13011 | D:11     | Reached skill level 10 in Dodging
 13131 | D:11     | XOM: confuse monster(s)
 13157 | D:11     | Noticed an obsidian statue
 13202 | D:11     | XOM: blink monster(s)
 13270 | D:11     | Found Ackic's Book Emporium.
 13282 | D:11     | XOM: mild Air miscast
 13321 | D:11     | XOM: divination: detect items
 13322 | D:11     | XOM: harmless Fire miscast
 13369 | D:11     | Reached skill level 11 in Dodging
 13373 | D:11     | Found Dubi's Armour Shoppe.
 13653 | D:11     | XOM: mild Pois miscast
 13741 | D:11     | Found Yppy's Gadget Shoppe.
 13751 | D:11     | XOM: summons 2 friendly demons
 13891 | D:11     | Found Woytinnepoe's Weapon Shoppe.
 13919 | D:11     | Found a staircase to the Orcish Mines.
 13955 | D:11     | Found Ytiv's Jewellery Emporium.
 13990 | D:11     | Found a staircase to the Lair.
 14078 | D:11     | XOM: silly message
 14098 | D:11     | XOM: harmless Necr miscast
 14105 | D:11     | Noticed Snorg
 14107 | D:11     | XOM: divination: magic mapping
 14302 | D:11     | XOM: mild Conj miscast
 14323 | D:11     | Noticed a two-headed ogre
 14358 | D:11     | Killed a two-headed ogre
 14620 | Lair:1   | Entered Level 1 of the Lair of Beasts
 14622 | Lair:1   | XOM: divination: detect creatures
 14824 | D:11     | XOM: noise
 14931 | D:11     | Reached skill level 12 in Dodging
 14949 | D:11     | XOM: harmless Hex miscast
 15338 | Lair:1   | XOM: polymorph blink frog -> spriggan
 15354 | Lair:1   | Identified a scroll of acquirement
 15437 | Lair:1   | Reached skill level 13 in Dodging
 15479 | Lair:1   | XOM: scenery: create altars
 15481 | Lair:1   | Reached skill level 1 in Armour
 15942 | Lair:1   | XOM: mild Tloc miscast
 16072 | Lair:1   | XOM is BORED!
 16072 | Lair:1   | XOM: summons 2 hostile shadow creatures
 16573 | Lair:2   | XOM: harmless Conj miscast
 16646 | Lair:2   | Reached XP level 12. HP: 76/76 MP: 17/17
 16735 | Lair:2   | XOM: stat loss: -1 Dex (19/20)
 16759 | Lair:2   | XOM: summons 1 hostile demon
 16982 | Lair:2   | XOM: scenery: create altars
 17006 | Lair:3   | Noticed a seven-headed hydra
 17327 | Lair:3   | Reached skill level 5 in Armour
 17572 | Lair:3   | Found a staircase to the Snake Pit.
 17584 | Lair:3   | XOM: destruction
 17590 | Lair:3   | XOM: destruction
 17596 | Lair:3   | Noticed a five-headed hydra
 17625 | Lair:3   | Killed a five-headed hydra
 17777 | Lair:3   | XOM: divination: detect items
 17779 | Lair:3   | Noticed a six-headed hydra
 17785 | Lair:3   | XOM: scenery: create altars
 17787 | Lair:3   | XOM: cleaving
 17802 | Lair:3   | Killed a six-headed hydra
 18072 | Lair:3   | XOM: polymorph elephant -> mana viper
 18597 | Lair:4   | XOM: snakes to sticks
 18691 | Lair:3   | XOM: god gift: 11 gold pieces
 18743 | Lair:4   | XOM: summons friendly ufetubus
 18744 | Lair:4   | Reached skill level 14 in Dodging
 18763 | Lair:4   | XOM: fog
 18794 | Lair:4   | XOM: scenery: create altars
 18826 | Lair:4   | XOM: polymorph ufetubus -> shadow imp
 18874 | Lair:4   | Reached skill level 10 in Fighting
 19103 | Lair:4   | XOM: summons friendly quasit
 19109 | Lair:4   | XOM: smoke on damage
 19142 | Lair:4   | XOM: polymorph quasit -> shadow imp
 19173 | Lair:4   | XOM: silly message
 19669 | Lair:4   | Noticed an eight-headed hydra
 19670 | Lair:4   | Noticed a five-headed hydra
 19751 | Lair:4   | XOM: god gift: ring of positive energy {god gift}
 19765 | Lair:4   | XOM: harmless Pois miscast
 19983 | Lair:5   | Noticed a death yak
 19983 | Lair:5   | Noticed a death yak
 19984 | Lair:5   | Noticed a death yak
 19985 | Lair:5   | Noticed a death yak
 19987 | Lair:5   | Got an ancient turquoise ring
 20001 | Lair:5   | XOM: summons 2 friendly demons
 20012 | Lair:5   | Killed a death yak
 20015 | Lair:5   | XOM: enchant monster (good)
 20028 | Lair:5   | XOM: confuse monster(s)
 20034 | Lair:5   | Killed a death yak
 20042 | Lair:5   | Killed a death yak
 20064 | Lair:5   | Killed a death yak
 20083 | Lair:5   | Noticed Nessos
 20087 | Lair:5   | XOM: cleaving
 20088 | Lair:5   | Noticed Nessos
 20088 | Lair:5   | Nessos changed into Nessos the jumping spider
 20098 | Lair:5   | Killed Nessos the jumping spider
 20103 | Lair:5   | XOM: divination: detect items
 20112 | Lair:5   | Reached skill level 15 in Dodging
 20191 | Lair:5   | Noticed a death yak
 20202 | Lair:5   | XOM: summons 2 friendly demons
 20206 | Lair:5   | XOM: god gift: potion of invisibility
 20219 | Lair:5   | Killed a death yak
 20237 | Lair:5   | Noticed a death yak
 20238 | Lair:5   | Noticed a death yak
 20239 | Lair:5   | Noticed a death yak
 20240 | Lair:5   | Noticed a death yak
 20259 | Lair:5   | XOM: divination: detect creatures
 20267 | Lair:5   | XOM: smoke on damage
 20272 | Lair:4   | XOM: confuse monster(s)
 20273 | Lair:4   | XOM: god gift: spear {god gift}
 20276 | Lair:4   | Reached XP level 13. HP: 62/83 MP: 18/18
 20424 | Lair:4   | XOM: scenery: create altars
 20663 | Lair:5   | XOM: harmless Summ miscast
 20761 | Lair:5   | Got a shimmering glass ring
 20763 | Lair:5   | Identified the ring "Ycwumit" {Ice rN+ Int-2 Dex+3} (You
                  | found it on level 5 of the Lair of Beasts)
 20765 | Lair:5   | Identified the ring of the Unkillable {rElec rPois MP+9
                  | Str-2} (You found it on level 5 of the Lair of Beasts)
 20962 | Lair:5   | XOM: medium Necr miscast
 20967 | Lair:5   | XOM: medium Pois miscast
 20969 | Lair:5   | XOM: harmless Tmut miscast
 21156 | Lair:5   | XOM: divination: detect items
 21182 | Lair:5   | XOM: cast spell 'Necromutation'
 21186 | Lair:5   | XOM: summons friendly ufetubus
 21191 | Lair:5   | XOM: summons friendly white imp
 21194 | Lair:5   | XOM: summons friendly crimson imp
 21207 | Lair:5   | XOM: cast spell 'Summon Small Mammal'
 21208 | Lair:5   | XOM: divination: magic mapping
 21224 | Lair:5   | XOM: potion effect (haste)
 21234 | Lair:5   | XOM: potion effect (brilliance)
 21472 | Lair:5   | XOM: divination: detect creatures
 21573 | Lair:5   | XOM: harmless Air miscast
 21587 | Lair:5   | XOM: cast spell 'Alistair's Intoxication'
 21650 | Lair:5   | XOM: enchant monster (good)
 21745 | Lair:5   | XOM: enchant monster (bad)
 21755 | Lair:5   | XOM: divination: detect creatures
 21763 | Lair:5   | XOM: mild Ice miscast
 21781 | Lair:5   | XOM: harmless Necr miscast
 21848 | Lair:6   | Entered Level 6 of the Lair of Beasts
 21919 | Lair:6   | XOM: scenery: create altars
 21974 | Lair:5   | XOM: give mutations
 21974 | Lair:5   | Gained mutation: You occasionally shout uncontrollably at
                  | your foes. [Xom's mischief]
 21974 | Lair:5   | Lost mutation: You expend magic power (3 MP) to strengthen
                  | your wands. [Xom's mischief]
 21974 | Lair:5   | Lost mutation: Your mind is very acute. (Int +4) [Xom's
                  | mischief]
 21974 | Lair:5   | Gained mutation: Your body often deteriorates upon taking
                  | damage. [Xom's mischief]
 22442 | Lair:5   | Reached skill level 16 in Dodging
 22578 | Lair:6   | XOM: swap monsters
 22596 | Lair:6   | XOM: medium Chrm miscast
 22686 | Lair:6   | XOM: potion effect (heal wounds)
 22726 | Lair:6   | XOM: summons friendly crimson imp
 22734 | Lair:6   | XOM: summons 1 hostile demon
 22744 | Lair:6   | XOM: divine lightning
 22747 | Lair:6   | XOM: potion effect (haste)
 22751 | Lair:6   | XOM: scenery: create altars
 23049 | Lair:6   | Found a staircase to the Slime Pits.
 23054 | Lair:6   | XOM: god gift: 39 gold pieces
 23342 | Lair:6   | Noticed Kirke
 23372 | Lair:6   | XOM: potion effect (haste)
 23374 | Lair:6   | XOM: enchant monster (good)
 23382 | Lair:6   | XOM: fog
 23387 | Lair:6   | XOM: divination: detect creatures
 23399 | Lair:6   | Noticed a sphinx
 23412 | Lair:6   | XOM: cast spell 'Leda's Liquefaction'
 23413 | Lair:5   | XOM: god gift: scroll of teleportation
 23463 | Lair:5   | XOM: give mutations
 23463 | Lair:5   | Gained mutation: You are resistant to hostile enchantments.
                  | (MR+) [Xom's grace]
 23463 | Lair:5   | Gained mutation: Your mind is very acute. (Int +4) [Xom's
                  | grace]
 23493 | Lair:5   | XOM: give mutations
 23493 | Lair:5   | Gained mutation: Your flesh is cold resistant. (rC+) [Xom's
                  | grace]
 23493 | Lair:5   | Gained mutation: You are highly resistant to hostile
                  | enchantments. (MR++) [Xom's grace]
 23493 | Lair:5   | Gained mutation: You passively map a small area around you.
                  | [Xom's grace]
 23493 | Lair:5   | Gained mutation: You have razor-sharp toenails. [Xom's
                  | grace]
 23513 | Lair:5   | XOM: potion effect (haste)
 23525 | Lair:6   | XOM: summons 10 friendly demons
 23530 | Lair:6   | XOM: cleaving
 23557 | Lair:6   | XOM: summons friendly crimson imp
 23568 | Lair:6   | Killed Kirke
 23592 | Lair:6   | XOM: polymorph crimson imp -> white imp
 23879 | Lair:6   | XOM: harmless Tloc miscast
 23942 | Lair:6   | XOM: summons 2 friendly demons
 23954 | Lair:6   | XOM: fog
 23977 | Lair:6   | XOM: enchant monster (good)
 23995 | Lair:6   | XOM: enchant monster (good)
 24004 | Lair:6   | Reached XP level 14. HP: 52/92 MP: 22/22
 24014 | Lair:6   | XOM: divination: magic mapping
 24019 | Lair:6   | XOM: enchant monster (good)
 24141 | Lair:6   | XOM is BORED!
 24141 | Lair:6   | XOM: mild Tmut miscast
 24181 | Lair:6   | XOM: confuse monster(s)
 24191 | Lair:6   | XOM: scenery: create altars
 24201 | Lair:6   | XOM: 1-stop teleportation journey
 24214 | Lair:6   | XOM: 2-stop teleportation journey
 24275 | Lair:6   | XOM: polymorph yak -> basilisk
 24303 | Lair:6   | XOM: summons 9 friendly demons
 24376 | Lair:6   | Found a runed door.
 24408 | Lair:6   | Noticed an entropy weaver
 24458 | Lair:6   | XOM: summons 6 friendly demons
 24494 | Lair:6   | XOM: summons friendly white imp
 24511 | Lair:6   | Noticed LLavrengius's ghost (journeyman OpFi)
 24572 | Lair:6   | Killed an entropy weaver
 24575 | Lair:6   | XOM: god gift: wand of paralysis (6)
 24620 | Lair:6   | XOM: god gift: 17 stones
 24733 | Lair:6   | XOM: 5-stop teleportation journey
 24793 | Lair:6   | Noticed an entropy weaver
 24794 | Lair:6   | XOM: divination: detect creatures
 24842 | Lair:6   | Killed an entropy weaver
 24917 | Lair:6   | XOM: divination: detect items
 24922 | Lair:6   | XOM: divination: detect items
 25126 | Lair:6   | XOM: harmless Tmut miscast
 25171 | Lair:6   | XOM: potion effect (heal wounds)
 25186 | Lair:6   | XOM: potion effect (invisibility)
 25191 | Lair:6   | XOM: harmless Air miscast
 25256 | Lair:6   | XOM: potion effect (berserk rage)
 25297 | Lair:6   | XOM: harmless Necr miscast
 25319 | Lair:6   | XOM: potion effect (brilliance)
 25340 | Lair:6   | XOM: harmless Air miscast
 25460 | Lair:6   | XOM: medium Summ miscast
 25555 | Lair:5   | XOM: summons 1 hostile shadow creature
 25724 | Lair:6   | XOM: cast spell 'Monstrous Menagerie'
 25726 | Lair:6   | XOM: enchant monster (good)
 25794 | Lair:6   | XOM: noise
 25983 | Lair:6   | XOM: divination: detect creatures
 26000 | Lair:6   | XOM: destruction
 26021 | Lair:6   | XOM: butterfly on damage
 26057 | Lair:6   | XOM: cast spell 'Dispersal'
 26062 | Lair:6   | XOM: confuse monster(s)
 26077 | Lair:6   | XOM: fog
 26089 | Lair:6   | XOM: potion effect (heal wounds)
 26351 | Lair:6   | XOM: confuse monster(s)
 26431 | Lair:6   | XOM: harmless Air miscast
 26442 | Lair:6   | XOM: cloud trail
 26584 | Lair:6   | XOM: polymorph dire elephant -> death yak
 26778 | Lair:5   | XOM: give mutations
 26778 | Lair:5   | Lost mutation: You occasionally shout uncontrollably at
                  | your foes. [Xom's mischief]
 26778 | Lair:5   | Lost mutation: You have razor-sharp toenails. [Xom's
                  | mischief]
 26778 | Lair:5   | Lost mutation: Your mind is very acute. (Int +4) [Xom's
                  | mischief]
 26911 | Orc:1    | Entered Level 1 of the Orcish Mines
 26911 | Orc:1    | Found a runed door.
 26975 | Orc:1    | Found the +10 large shield of Ignorance {rN+ Int-4}
 26997 | Orc:1    | XOM: chaos upgrade
 27027 | Orc:1    | Found a runed door.
 27203 | Orc:1    | XOM: scenery: create altars
 27285 | Orc:2    | Entered Level 2 of the Orcish Mines
 27360 | Orc:2    | Found Suicsio's Armour Shop.
 27378 | Orc:1    | XOM: enchant monster (good)
 27415 | Orc:1    | XOM: cleaving
 27572 | Orc:1    | XOM: 7-stop teleportation journey
 27735 | Orc:2    | XOM: destruction
 27745 | Orc:2    | Found a gate leading to a gauntlet.
 27746 | Orc:2    | Found a staircase to the Elven Halls.
 27754 | Gauntlet | Entered a Gauntlet
 27754 | Gauntlet | Found a transporter.
 27763 | Gauntlet | Found a transporter.
 27767 | Gauntlet | Found a transporter.
 27768 | Gauntlet | Found a transporter.
 27768 | Gauntlet | Found a transporter.
 27769 | Gauntlet | Found a transporter.
 27777 | Gauntlet | Found a transporter.
 27778 | Gauntlet | Found a transporter.
 27798 | Gauntlet | Found a transporter.
 27816 | Gauntlet | Found a transporter.
 27820 | Gauntlet | Found a transporter.
 27831 | Gauntlet | Found a transporter.
 27907 | Gauntlet | XOM: harmless Conj miscast
 28018 | Gauntlet | XOM: scenery: create altars
 28068 | Gauntlet | XOM: mild Summ miscast
 28181 | Gauntlet | Got a faintly glowing pewter amulet
 28187 | Gauntlet | Identified the amulet "Sepafud" {Spirit +Blink Str-2 Int+6
                  | Slay+3} (You found it in a Gauntlet)
 28239 | Gauntlet | XOM: harmless Summ miscast
 28453 | Gauntlet | Learned a level 3 spell: Ozocubu's Armour
 28513 | Gauntlet | Reached skill level 1 in Spellcasting
 28513 | Gauntlet | Reached skill level 1 in Charms
 28530 | Gauntlet | Got an ancient chain mail
 28540 | Orc:2    | XOM: noise
 28547 | Orc:2    | XOM: summons friendly shadow imp
 28553 | Orc:2    | Reached skill level 1 in Ice Magic
 28583 | Orc:2    | XOM: divination: detect creatures
 28704 | Orc:2    | Identified the +5 chain mail of the Evening Star {rElec MR-
                  | rCorr MP+9} (You found it in a Gauntlet)
 28711 | Orc:2    | XOM: god gift: 3 scrolls of immolation
 28848 | Orc:2    | XOM: enchant monster (good)
 28869 | Orc:2    | XOM: enchant monster (good)
 28874 | Orc:2    | XOM: harmless Necr miscast
 28889 | Orc:2    | XOM: harmless Summ miscast
 29070 | Orc:2    | XOM: enchant monster (good)
 29335 | Orc:2    | XOM: harmless Conj miscast
 29607 | Orc:2    | XOM: harmless Pois miscast
 29625 | Orc:2    | Noticed an orc warlord
 29628 | Orc:2    | XOM: summons 9 friendly demons
 29634 | Orc:2    | XOM: divination: detect items
 29640 | Orc:2    | XOM: enchant monster (good)
 29647 | Orc:2    | XOM: confuse monster(s)
 29649 | Orc:2    | XOM: summons friendly quasit
 29657 | Orc:2    | XOM: cloud trail
 29693 | Orc:1    | XOM: mild Conj miscast
 29908 | Orc:2    | Reached skill level 5 in Charms
 29929 | Orc:2    | Found a roughly hewn altar of Beogh.
 30027 | Orc:1    | XOM is BORED!
 30027 | Orc:1    | XOM: noise
 30247 | Orc:2    | Found Ohui's Book Emporium.
 30256 | Orc:2    | Found Delan's Antique Weapon Emporium.
 30358 | Orc:2    | Found Kyif's General Store.
 30421 | Orc:2    | XOM: cast spell 'Call Canine Familiar'
 30426 | Orc:2    | XOM: confuse monster(s)
 30445 | Orc:2    | Killed an orc warlord
 30471 | Orc:2    | Found Epniryaz's Antique Armour Emporium.
 30511 | Orc:2    | XOM: mild Hex miscast
 30590 | Orc:2    | Bought an ancient longbow for 332 gold pieces
 30590 | Orc:2    | Identified the +1 longbow of Reedunko {freeze, rF- rC+ rN+
                  | SInv} (You bought it in a shop on level 2 of the Orcish
                  | Mines)
 30631 | Orc:2    | Bought a +0 shield for 63 gold pieces
 30765 | D:12     | XOM: cast spell 'Leda's Liquefaction'
 30769 | D:12     | XOM: silly message
 30813 | D:12     | XOM is BORED!
 30813 | D:12     | XOM: medium Hex miscast
 30957 | D:12     | XOM: polymorph death knight -> glowing shapeshifter
 30960 | D:12     | XOM: polymorph cyclops -> eye of devastation
 30969 | D:12     | XOM: 1-stop teleportation journey
 30976 | D:12     | Reached skill level 1 in Shields
 30976 | D:12     | Reached XP level 15. HP: 100/100 MP: 23/23
 30976 | D:12     | XOM: divine lightning
 30978 | D:12     | XOM: summons 1 hostile shadow creature
 31012 | D:12     | XOM: polymorph yak -> hornet
 31434 | D:12     | Reached skill level 5 in Ice Magic
 31568 | D:12     | XOM: summons 2 hostile shadow creatures
 31675 | D:12     | XOM: harmless Tmut miscast
 31689 | D:12     | XOM: torment (49/99 hp)
 31693 | D:12     | XOM: harmless Hex miscast
 31696 | D:12     | XOM: medium Hex miscast
 32028 | D:12     | XOM: swap monsters
 32063 | D:12     | XOM: give mutations
 32063 | D:12     | Gained mutation: You are clumsy. (Dex -2) [Xom's mischief]
 32063 | D:12     | Gained mutation: You are somewhat resistant to further
                  | mutation. [Xom's mischief]
 32095 | D:12     | XOM: swap monsters
 32123 | D:12     | XOM: cleaving
 32137 | D:12     | XOM: fog
 32174 | D:11     | Lost mutation: You possess an exceptional clarity of mind.
                  | [potion of mutation]
 32174 | D:11     | Lost mutation: You are clumsy. (Dex -2) [potion of
                  | mutation]
 32174 | D:11     | Lost mutation: You are somewhat resistant to further
                  | mutation. [potion of mutation]
 32174 | D:11     | Lost mutation: Your body often deteriorates upon taking
                  | damage. [potion of mutation]
 32174 | D:11     | Gained mutation: Your flesh is heat resistant. (rF+)
                  | [potion of mutation]
 32174 | D:11     | Gained mutation: You are surrounded by a mild repulsion
                  | field. (EV +2) [potion of mutation]
 32174 | D:11     | Gained mutation: You can translocate small distances at
                  | will. [potion of mutation]
 32254 | D:11     | Lost mutation: You can translocate small distances at will.
                  | [potion of mutation]
 32254 | D:11     | Lost mutation: Your body sometimes deteriorates upon taking
                  | damage. [potion of mutation]
 32254 | D:11     | Gained mutation: You are extremely resistant to the effects
                  | of hostile enchantments. (MR+++) [potion of mutation]
 32254 | D:11     | Gained mutation: You occasionally shout uncontrollably at
                  | your foes. [potion of mutation]
 32254 | D:11     | Gained mutation: You are partially covered in rugged brown
                  | scales. (AC +1, +3% HP) [potion of mutation]
 32305 | D:12     | XOM: god gift: potion of resistance
 32749 | D:13     | Noticed Azrael
 32830 | D:13     | XOM: fake destruction
 32993 | D:12     | XOM: god gift: scroll of teleportation
 33022 | D:12     | XOM: scenery: 1 doors close
 33061 | D:12     | XOM: 1-stop teleportation journey
 33255 | D:13     | A manual of short blades, really
 33270 | D:13     | XOM: confusion
 33317 | D:13     | GIVE ME BACK MY STRENGTH
 33405 | D:13     | XOM: polymorph hippogriff -> yaktaur
 33422 | D:13     | Lost mutation: Your flesh is heat resistant. (rF+) [potion
                  | of mutation]
 33422 | D:13     | Lost mutation: Your mind is acute. (Int +2) [potion of
                  | mutation]
 33422 | D:13     | Lost mutation: You are surrounded by a mild repulsion
                  | field. (EV +2) [potion of mutation]
 33422 | D:13     | Gained mutation: You have an increased reservoir of magic.
                  | (+10% MP) [potion of mutation]
 33422 | D:13     | Gained mutation: You have supernaturally acute eyesight.
                  | (SInv) [potion of mutation]
 33545 | D:12     | XOM: noise
 33747 | D:12     | XOM: mild Tmut miscast
 33755 | D:12     | XOM: harmless Chrm miscast
 33783 | D:12     | XOM: severe Chrm miscast
 33807 | D:12     | XOM: swap monsters
 34201 | D:12     | XOM: summons 7 hostile demons
 34412 | D:12     | XOM: enchant monster (bad)
 34430 | D:12     | XOM: confuse monster(s)
 34443 | D:12     | XOM: stat loss: -1 Str (1/8)
 34444 | D:12     | FUCK
 34447 | D:12     | XOM: confusion (+ monsters)
 34659 | D:12     | 1 strength left
 34659 | D:12     | jeez
 34661 | D:12     | XOM: noise
 34666 | D:12     | XOM: fog
 34697 | D:12     | XOM: swap monsters
 34842 | D:13     | XOM: swap monsters
 34870 | D:13     | Found a runed door.
 34872 | D:13     | Noticed Ycojonko's ghost (journeyman GnWn)
 34972 | D:13     | Found a burning altar of Makhleb.
 35001 | D:13     | XOM: give mutations
 35001 | D:13     | Lost mutation: You have an increased reservoir of magic.
                  | (+10% MP) [Xom's mischief]
 35001 | D:13     | Gained mutation: You are dopey. (Int -2) [Xom's mischief]
 35001 | D:13     | Lost mutation: You occasionally shout uncontrollably at
                  | your foes. [Xom's mischief]
 35290 | D:12     | XOM: mild Air miscast
 35519 | D:13     | XOM: 2-stop teleportation journey
 35655 | D:13     | XOM: mild Ice miscast
 35943 | D:14     | XOM: noise
 35944 | D:14     | You asshole, I just entered the floor ffs
 35979 | D:14     | Found Mim Alug's Antique Armour Boutique.
 36020 | D:14     | XOM: harmless Hex miscast
 36030 | D:14     | XOM: silly message
 36041 | D:14     | XOM: potion effect (brilliance)
 36051 | D:14     | XOM: silly message
 36232 | D:13     | XOM: harmless Erth miscast
 36261 | D:13     | XOM: potion effect (invisibility)
 36290 | D:13     | Killed Azrael
 36527 | D:13     | XOM: blink monster(s)
 36684 | D:14     | XOM: summons friendly white imp
 36868 | D:13     | XOM: harmless Ice miscast
 36918 | D:14     | XOM: divination: detect items
 37045 | D:14     | XOM: noise
 37067 | D:14     | Noticed Josephine
 37075 | D:14     | XOM: potion effect (magic)
 37078 | D:14     | XOM: enchant monster (bad)
 37085 | D:14     | XOM: potion effect (heal wounds)
 37086 | D:14     | XOM: enchant monster (bad)
 37090 | D:13     | XOM: enchant monster (good)
 37150 | D:13     | XOM: butterfly on damage
 37155 | D:13     | XOM: divination: detect items
 37164 | D:13     | Killed Josephine
 37196 | D:13     | XOM: confuse monster(s)
 37329 | D:13     | XOM: mild Hex miscast
 37388 | D:13     | XOM: enchant monster (bad)
 37483 | D:14     | XOM: stat loss: -1 Str (3/8)
 37495 | D:14     | XOM: summons friendly soul eater
 37679 | D:13     | Reached skill level 5 in Shields
 37924 | D:14     | XOM: 6-stop teleportation journey
 37980 | D:14     | XOM: potion effect (haste)
 37983 | D:14     | Identified the +6 shortbow of Sudden Death {freeze, rN++
                  | Str-2 Dex+3}
 38057 | D:14     | XOM: fog
 38121 | D:14     | Identified the +1 flail of Fuhur {freeze, *Noise Str+9
                  | Int+4}
 38123 | D:14     | XOM: 1-stop teleportation journey
 38126 | D:14     | XOM: confuse monster(s)
 38127 | D:14     | Found a gate to the Vaults.
 38182 | D:14     | XOM: cast spell 'Statue Form'
 38307 | D:14     | XOM: harmless Tmut miscast
 38320 | D:14     | XOM: give mutations
 38320 | D:14     | Lost mutation: You passively map a small area around you.
                  | [Xom's mischief]
 38335 | D:14     | XOM: 2-stop teleportation journey
 38342 | D:14     | XOM: polymorph slime creature -> torpor snail
 38439 | D:13     | XOM: give mutations
 38439 | D:13     | Gained mutation: You are clumsy. (Dex -2) [Xom's mischief]
 38439 | D:13     | Gained mutation: Your body sometimes deteriorates upon
                  | taking damage. [Xom's mischief]
 38536 | D:13     | XOM: summons 2 hostile shadow creatures
 38670 | D:14     | Bought a pair of ichor-stained boots for 275 gold pieces
 38670 | D:14     | Identified the +1 pair of boots "Dualeul" {rC+++ MR- Regen+
                  | SInv} (You bought it in a shop on level 14 of the Dungeon)
 38712 | D:14     | XOM: god gift: scroll of random uselessness
 38730 | D:14     | XOM: noise
 38739 | D:14     | XOM: fog
 38747 | D:14     | XOM: potion effect (brilliance)
 38783 | D:14     | XOM: fake destruction
 38785 | D:14     | XOM: polymorph troll -> meliai
 38807 | D:14     | XOM: divination: detect creatures
 38862 | D:14     | XOM: 1-stop teleportation journey
 38993 | D:14     | XOM: scenery: create altars
 39010 | D:14     | XOM: give mutations
 39010 | D:14     | Gained mutation: You evolve. [Xom's grace]
 39010 | D:14     | Gained mutation: You expend magic power (3 MP) to
                  | strengthen your wands. [Xom's grace]
 39010 | D:14     | Lost mutation: You are dopey. (Int -2) [Xom's grace]
 39010 | D:14     | Gained mutation: You are partially covered in large bone
                  | plates. (SH +4) [Xom's grace]
 39104 | D:14     | XOM: polymorph eight-headed hydra -> death yak
 39107 | D:14     | XOM: swap monsters
 39110 | D:14     | Noticed a ghost moth
 39110 | D:14     | a death yak changed into a ghost moth
 39111 | D:14     | XOM: medium Hex miscast
 39117 | D:14     | XOM: potion effect (agility)
 39126 | D:14     | a ghost moth changed into an entropy weaver
 39301 | D:14     | Identified the cursed +0 robe of Love and Death {*Corrode
                  | rPois Regen+ Int+6}
 39413 | D:14     | XOM: harmless Conj miscast
 39429 | D:15     | Entered Level 15 of the Dungeon
 39440 | D:15     | Found a staircase to the Depths.
 39440 | D:15     | Noticed a fire giant
 39442 | D:15     | XOM: confuse monster(s)
 39450 | D:15     | XOM: harmless Pois miscast
 39618 | D:14     | Reached XP level 16. HP: 109/109 MP: 24/24
 39625 | D:15     | XOM: potion effect (invisibility)
 39658 | D:15     | XOM: divination: detect items
 39715 | D:15     | XOM: destruction
 39748 | D:15     | XOM: potion effect (agility)
 39749 | D:15     | XOM: divination: detect items
 39766 | D:15     | XOM: chaos cloud
 39829 | D:15     | XOM: give mutations
 39829 | D:15     | Lost mutation: You are clumsy. (Dex -2) [Xom's grace]
 39829 | D:15     | Gained mutation: You are agile. (Dex +2) [Xom's grace]
 39866 | D:15     | Noticed Louise
 39892 | D:15     | Noticed Louise
 39892 | D:15     | Louise changed into Louise the azure jelly
 39892 | D:15     | XOM: polymorph Louise -> Louise the azure jelly
 39894 | D:15     | XOM: 1-stop teleportation journey
 39923 | D:15     | XOM: divination: magic mapping
 39929 | D:15     | XOM: polymorph Louise the azure jelly -> Louise the azure
                  | jelly
 39942 | D:15     | Killed Louise the azure jelly
 40047 | D:15     | XOM: summons 13 friendly demons
 40267 | D:15     | Lost mutation: You evolve. [evolution]
 40327 | D:15     | XOM: cast spell 'Statue Form'
 40373 | D:15     | XOM: cloud trail
 40483 | D:15     | XOM: cloud trail
 40618 | D:11     | XOM: scenery: create altars
 40647 | D:11     | XOM: scenery: create altars
 40657 | D:11     | Noticed Snorg
 40657 | D:11     | Snorg changed into Snorg the black mamba
 40657 | D:11     | XOM: polymorph Snorg -> Snorg the black mamba
 40659 | D:11     | Killed Snorg the black mamba
 40801 | Lair:4   | XOM: god gift: 21 arrows
 40912 | Lair:4   | Found a staircase to the Swamp.
 41122 | Swamp:1  | Entered Level 1 of the Swamp
 41154 | Swamp:1  | XOM: scenery: create altars
 41161 | Swamp:1  | XOM: confuse monster(s)
 41232 | Lair:4   | XOM: scenery: create altars
 41237 | Swamp:1  | XOM: cast spell 'Dispersal'
 41261 | Swamp:1  | XOM: confusion (+ monsters)
 41357 | Swamp:1  | XOM: destruction
 41437 | Swamp:1  | XOM: cast spell 'Ring of Flames'
 41491 | Swamp:1  | XOM: harmless Summ miscast
 41503 | Swamp:1  | XOM: potion effect (curing)
 41738 | Swamp:1  | XOM: fog
 41767 | Swamp:1  | XOM: fog
 41829 | Swamp:1  | XOM: divination: detect creatures
 41834 | Swamp:1  | XOM: fake destruction
 41840 | Swamp:1  | XOM: harmless Erth miscast
 41890 | Swamp:1  | XOM: god gift: wand of iceblast (6)
 42097 | Swamp:1  | XOM: harmless Ice miscast
 42149 | Swamp:1  | XOM: confuse monster(s)
 42173 | Swamp:1  | Reached skill level 10 in Shields
 42213 | Swamp:2  | XOM: confuse monster(s)
 42215 | Swamp:1  | XOM: harmless Hex miscast
 42222 | Swamp:1  | Noticed a thorn hunter
 42222 | Swamp:1  | a shambling mangrove changed into a thorn hunter
 42222 | Swamp:1  | XOM: polymorph shambling mangrove -> thorn hunter
 42231 | Swamp:1  | Killed a thorn hunter
 42343 | Swamp:2  | XOM: cast spell 'Summon Butterflies'
 42386 | Swamp:2  | XOM: 3-stop teleportation journey
 42504 | Swamp:2  | Identified Roxanne's Papyrus of Clay
 42504 | Swamp:2  | Noticed Roxanne
 42564 | Swamp:2  | XOM: swap monsters
 42586 | Swamp:2  | XOM: summons friendly iron imp
 42609 | Swamp:2  | XOM: summons 2 hostile demons
 42612 | Swamp:2  | XOM: enchant monster (good)
 42704 | Swamp:1  | XOM: give mutations
 42704 | Swamp:1  | Lost mutation: You have sharp toenails. [Xom's mischief]
 42704 | Swamp:1  | Lost mutation: You are partially covered in icy blue
                  | scales. (AC +2) [Xom's mischief]
 42704 | Swamp:1  | Gained mutation: Your body often deteriorates upon taking
                  | damage. [Xom's mischief]
 42704 | Swamp:1  | Lost mutation: You are agile. (Dex +2) [Xom's mischief]
 42735 | Swamp:2  | XOM: confusion
 42740 | Swamp:2  | Killed Roxanne
 42816 | Swamp:1  | Learned a level 6 spell: Statue Form
 42816 | Swamp:1  | I can't believe I'm actually doing this stupid shit
 42929 | Swamp:2  | Found a shadowy altar of Dithmenos.
 42971 | Swamp:2  | Reached skill level 1 in Transmutations
 42971 | Swamp:2  | Reached skill level 1 in Earth Magic
 43020 | Swamp:2  | XOM: swap monsters
 43021 | Swamp:2  | XOM: enchant monster (bad)
 43035 | Swamp:2  | XOM: draining
 43049 | Swamp:2  | XOM: swap monsters
 43117 | Swamp:2  | XOM: silly message
 43148 | Swamp:2  | XOM: summons 2 friendly demons
 43295 | Swamp:2  | XOM: cloud trail
 43297 | Swamp:2  | XOM: divination: detect creatures
 43444 | Swamp:1  | XOM: divination: detect items
 43493 | Swamp:2  | XOM: summons friendly white imp
 43795 | Swamp:2  | XOM: give mutations
 43795 | Swamp:2  | Lost mutation: You have supernaturally acute eyesight.
                  | (SInv) [Xom's mischief]
 43795 | Swamp:2  | Lost mutation: Your flesh is cold resistant. (rC+) [Xom's
                  | mischief]
 43795 | Swamp:2  | Lost mutation: You expend magic power (3 MP) to strengthen
                  | your wands. [Xom's mischief]
 43851 | Swamp:2  | XOM: fog
 43864 | Swamp:2  | Noticed a tentacled monstrosity
 43866 | Swamp:2  | XOM: silly message
 43917 | Swamp:2  | Killed a tentacled monstrosity
 44001 | Swamp:1  | XOM: harmless Pois miscast
 44080 | Swamp:2  | Noticed a thorn hunter
 44204 | Swamp:2  | XOM: enchant monster (good)
 44211 | Swamp:2  | XOM: summons friendly ufetubus
 44269 | Swamp:2  | XOM: cast spell 'Olgreb's Toxic Radiance'
 44293 | Swamp:2  | Killed a thorn hunter
 44369 | Swamp:2  | XOM: scenery: create altars
 44447 | Swamp:2  | XOM: scenery: create altars
 44568 | Swamp:2  | XOM: divination: magic mapping
 44787 | Swamp:3  | XOM: god gift: iron ring {god gift}
 44828 | Swamp:3  | XOM: 1-stop teleportation journey
 44896 | Swamp:3  | XOM: polymorph swamp worm -> torpor snail
 44915 | Swamp:3  | XOM: 3-stop teleportation journey
 44923 | Swamp:3  | XOM: confusion
 44934 | Swamp:3  | XOM: enchant monster (bad)
 44949 | Swamp:3  | XOM: confusion (+ monsters)
 45068 | Swamp:3  | XOM: 5-stop teleportation journey
 45094 | Swamp:3  | Noticed a thorn hunter
 45316 | Swamp:3  | Reached skill level 5 in Transmutations
 45316 | Swamp:3  | Reached skill level 5 in Earth Magic
 45500 | Swamp:3  | XOM: divination: detect items
 45574 | Swamp:3  | XOM: noise
 45578 | Swamp:3  | XOM: polymorph alligator -> satyr
 45639 | Swamp:3  | XOM: polymorph thorn hunter -> thorn hunter
 45677 | Swamp:3  | Killed a thorn hunter
 45677 | Swamp:3  | Reached XP level 17. HP: 28/114 MP: 5/25
 45788 | Swamp:2  | XOM is BORED!
 45788 | Swamp:2  | XOM: summons 2 hostile shadow creatures
 45957 | Swamp:3  | XOM: give mutation
 45957 | Swamp:3  | Gained mutation: You have a pair of small horns on your
                  | head. [Xom's grace]
 45990 | Swamp:3  | XOM: give mutations
 45990 | Swamp:3  | Gained mutation: You are surrounded by a mild repulsion
                  | field. (EV +2) [Xom's grace]
 45990 | Swamp:3  | Gained mutation: You passively map a small area around you.
                  | [Xom's grace]
 46021 | Swamp:3  | XOM: cloud trail
 46059 | Swamp:3  | XOM: 3-stop teleportation journey
 46077 | Swamp:3  | XOM: give mutation
 46077 | Swamp:3  | Gained mutation: You have large cloven feet. [Xom's grace]
 46465 | Swamp:4  | Entered Level 4 of the Swamp
 46528 | Swamp:4  | XOM: give mutation
 46528 | Swamp:4  | Gained mutation: Your muscles are strong. (Str +2) [Xom's
                  | grace]
 46874 | Swamp:4  | XOM: give mutation
 46874 | Swamp:4  | Lost mutation: You passively map a small area around you.
                  | [Xom's mischief]
 46900 | Swamp:4  | XOM: 1-stop teleportation journey
 47348 | Swamp:4  | XOM: harmless Air miscast
 47562 | Swamp:4  | XOM: torment (61/114 hp)
 47650 | Swamp:4  | XOM: polymorph ice dragon -> ghost moth
 47668 | Swamp:4  | XOM: smoke on damage
 47679 | Swamp:3  | XOM: blink monster(s)
 47907 | Swamp:4  | XOM: confusion (+ monsters)
 47912 | Swamp:4  | XOM: polymorph swamp dragon -> water nymph
 47917 | Swamp:4  | XOM: summons friendly shadow imp
 47920 | Swamp:4  | XOM: enchant monster (good)
 47927 | Swamp:4  | XOM: mild Air miscast
 48000 | Swamp:4  | XOM: polymorph shadow imp -> ufetubus
 48316 | Swamp:4  | XOM: 1-stop teleportation journey
 48391 | Swamp:4  | XOM: scenery: create altars
 48429 | Swamp:4  | XOM: swap monsters
 48464 | Swamp:4  | XOM: god gift: ring of positive energy {god gift}
 48473 | Swamp:4  | Got a decaying rune of Zot
 48700 | Snake:1  | Entered Level 1 of the Snake Pit
 48725 | Snake:1  | XOM: summons friendly quasit
 48964 | Snake:1  | XOM: scenery: create altars
 48988 | Snake:1  | XOM: enchant monster (good)
 48994 | Snake:1  | XOM: enchant monster (good)
 49112 | Snake:1  | XOM: fake destruction
 49132 | Snake:1  | XOM: 1-stop teleportation journey
 49159 | Snake:1  | XOM: divination: detect creatures
 49227 | Snake:1  | XOM: give mutation
 49227 | Snake:1  | Gained mutation: You are agile. (Dex +2) [Xom's grace]
 49613 | Snake:1  | XOM: scenery: create altars
 49626 | Snake:1  | XOM: give mutations
 49626 | Snake:1  | Gained mutation: You are covered in fur. (AC +1) [Xom's
                  | grace]
 49626 | Snake:1  | Gained mutation: Your muscles are very strong. (Str +4)
                  | [Xom's grace]
 49727 | Snake:1  | XOM: god gift: 53 gold pieces
 49856 | Snake:2  | XOM: 7-stop teleportation journey
 49859 | Snake:2  | XOM: cleaving
 49897 | Snake:2  | XOM is BORED!
 49929 | Snake:2  | Found Wetept's Jewellery Shoppe.
 49931 | Snake:2  | Found Tiakar's Jewellery Emporium.
 49933 | Snake:2  | Found Aduik's Armour Shoppe.
 49939 | Snake:2  | Bought the ring of Phasing {EV+8} for 1920 gold pieces
 49939 | Snake:2  | Found the ring of Phasing {EV+8}
 50069 | Snake:2  | XOM: cleaving
 50071 | Snake:2  | XOM: snakes to sticks
 50073 | Snake:2  | XOM: polymorph naga -> acid dragon
 50234 | Snake:2  | XOM: fog
 50237 | Snake:2  | XOM: cleaving
 50247 | Snake:2  | XOM: enchant monster (good)
 50305 | Snake:2  | XOM: god gift: 410 gold pieces
 50403 | Snake:2  | XOM: polymorph black mamba -> rime drake
 50556 | Snake:2  | XOM: summons 13 friendly demons
 50606 | Snake:2  | XOM: polymorph shadow imp -> iron imp
 50691 | Snake:2  | XOM: confuse monster(s)
 50788 | Snake:2  | XOM: scenery: create altars
 51103 | Snake:2  | XOM: scenery: create altars
 51181 | Snake:3  | Found Sejos's Antique Weapon Shoppe.
 51196 | Snake:3  | XOM: harmless Hex miscast
 51272 | Snake:3  | XOM: confusion (+ monsters)
 51366 | Snake:3  | XOM: harmless Conj miscast
 51378 | Snake:3  | XOM: summons friendly crimson imp
 51423 | Snake:3  | Reached skill level 10 in Transmutations
 51423 | Snake:3  | Reached skill level 10 in Earth Magic
 51445 | Snake:3  | XOM: summons 6 friendly demons
 51473 | Snake:3  | XOM: polymorph nagaraja -> death yak
 51488 | Snake:3  | Noticed Agnes
 51490 | Snake:3  | XOM: cast spell 'Metabolic Englaciation'
 51513 | Snake:2  | XOM: give mutations
 51513 | Snake:2  | Lost mutation: Your muscles are very strong. (Str +4)
                  | [Xom's mischief]
 51513 | Snake:2  | Lost mutation: You have large cloven feet. [Xom's mischief]
 51519 | Snake:2  | Killed Agnes
 51545 | Snake:3  | XOM: confuse monster(s)
 51565 | Snake:3  | XOM: enchant monster (good)
 51612 | Snake:3  | XOM: potion effect (agility)
 51870 | Snake:3  | XOM: confuse monster(s)
 52126 | Snake:3  | XOM: severe Conj miscast
 52177 | Snake:4  | Entered Level 4 of the Snake Pit
 52179 | Snake:4  | XOM: harmless Tmut miscast
 52187 | Snake:4  | XOM: confuse monster(s)
 52849 | D:14     | XOM: harmless Fire miscast
 52960 | D:11     | XOM: mild Conj miscast
 53127 | Snake:4  | XOM: summons friendly shadow imp
 53166 | Snake:4  | XOM: blink monster(s)
 53196 | Snake:4  | Reached XP level 18. HP: 119/119 MP: 26/26
 53294 | Snake:4  | XOM: fog
 53301 | Snake:4  | XOM: confuse monster(s)
 53429 | Snake:4  | XOM: mild Chrm miscast
 53467 | Snake:4  | Reached skill level 5 in Spellcasting
 53594 | Snake:4  | XOM: confuse monster(s)
 53691 | Snake:4  | XOM: blink monster(s)
 53702 | Snake:4  | XOM: medium Fire miscast
 53702 | Snake:4  | XOM: smoke on damage
 53704 | Snake:4  | XOM: cast spell 'Shadow Creatures'
 53727 | Snake:4  | XOM: blink monster(s)
 53821 | Snake:4  | XOM: scenery: create altars
 53833 | Snake:4  | XOM: swap monsters
 53838 | Snake:4  | XOM: snakes to sticks
 53847 | Snake:4  | Reached skill level 10 in Spellcasting
 53872 | Snake:4  | XOM: destruction
 54035 | Snake:4  | Got a serpentine rune of Zot
 54378 | D:11     | XOM: harmless Ice miscast
 54418 | Elf:1    | Entered Level 1 of the Elven Halls
 54579 | Elf:1    | Cast into level 4 of the Abyss (+2 short sword of
                  | distortion)
 54603 | Abyss:4  | XOM: enchant monster (bad)
 54835 | Abyss:4  | XOM: confuse monster(s)
 54837 | Abyss:4  | XOM: god gift: 16 arrows
 54866 | Abyss:4  | XOM: enchant monster (good)
 54947 | Abyss:4  | Noticed a lich
 54975 | Abyss:4  | XOM: summons 3 friendly demons
 55014 | Abyss:4  | XOM: divination: magic mapping
 55015 | Abyss:4  | XOM: enchant monster (good)
 55035 | Abyss:4  | XOM: divination: detect creatures
 55046 | Abyss:4  | Paralysed by accursed screaming for 1 turns
 55051 | Abyss:5  | Entered Level 5 of the Abyss
 55083 | Elf:1    | Escaped the Abyss
 55164 | Elf:1    | XOM: medium Hex miscast
 55260 | Elf:1    | Identified Sif Muna's Volume of Summoning
 55287 | Elf:1    | XOM: cast spell 'Disjunction'
 55289 | Elf:1    | XOM: summons 5 friendly demons
 55299 | Elf:1    | XOM: potion effect (might)
 55306 | Elf:1    | XOM: polymorph white imp -> iron imp
 55316 | Elf:1    | Noticed a Brimstone Fiend
 55317 | Elf:1    | XOM: summons 3 friendly demons
 55383 | Elf:1    | XOM: harmless Pois miscast
 55476 | Elf:1    | Found an ancient bone altar of Kikubaaqudgha.
 55545 | Elf:1    | XOM: divination: magic mapping
 55722 | Elf:2    | XOM: potion effect (brilliance)
 55761 | Elf:2    | XOM: harmless Fire miscast
 55793 | Elf:2    | XOM: cloud trail
 55829 | Elf:2    | XOM: potion effect (experience)
 55829 | Elf:2    | Reached XP level 19. HP: 125/125 MP: 37/37
 55835 | Elf:2    | XOM: potion effect (invisibility)
 55929 | Elf:2    | Reached skill level 17 in Dodging
 55938 | Elf:2    | XOM: potion effect (might)
 55948 | Elf:2    | XOM: potion effect (brilliance)
 55957 | Elf:2    | Reached XP level 20. HP: 131/131 MP: 38/38
 56121 | Elf:2    | Found a runed gate.
 56165 | Elf:2    | XOM: silly message
 56223 | Elf:2    | Found a runed gate.
 56230 | Elf:2    | Found a runed gate.
 56230 | Elf:2    | XOM: harmless Conj miscast
 56234 | Elf:2    | XOM: potion effect (agility)
 56275 | Elf:2    | XOM: divination: detect items
 56324 | Elf:2    | XOM: silly message
 56327 | Elf:2    | XOM: potion effect (brilliance)
 56357 | Elf:2    | XOM: potion effect (invisibility)
 56360 | Elf:2    | XOM: polymorph deep elf archer -> sea snake
 56511 | Elf:3    | Entered Level 3 of the Elven Halls
 56769 | Elf:3    | Identified the +2 dagger "Xaskuept" {pierce, rF+} (You
                  | found it on level 3 of the Elven Halls)
 56985 | Elf:3    | XOM: enchant monster (good)
 56996 | Elf:3    | XOM: 2-stop teleportation journey
 57015 | Elf:3    | XOM: polymorph deep elf high priest -> tyrant leech
 57034 | Elf:3    | XOM: summons friendly ufetubus
 57044 | Elf:3    | XOM: enchant monster (bad)
 57046 | Elf:3    | XOM: mild Fire miscast
 57062 | Elf:3    | XOM: swap monsters
 57064 | Elf:3    | XOM: swap monsters
 57080 | Elf:3    | XOM: enchant monster (good)
 57090 | Elf:3    | XOM: cast spell 'Summon Dragon'
 57111 | Elf:3    | XOM: summons 11 friendly demons
 57128 | Elf:3    | XOM: divination: detect items
 57130 | Elf:3    | XOM: divination: detect items
 57371 | Elf:3    | XOM: summons 3 friendly demons
 57422 | Elf:3    | XOM: enchant monster (good)
 57442 | Elf:3    | XOM: silly message
 57447 | Elf:3    | XOM: destruction
 57449 | Elf:3    | XOM: cast spell 'Call Canine Familiar'
 57451 | Elf:3    | XOM: blink monster(s)
 57535 | Elf:3    | Reached skill level 15 in Fighting
 57564 | Elf:3    | XOM: blink monster(s)
 57568 | Elf:3    | XOM: summons friendly ufetubus
 57592 | Elf:3    | XOM: mild Tmut miscast
 57727 | Elf:3    | Identified the +4 ring mail "Puesm" {rF+ rN+ Stlth+}
 57742 | Elf:3    | Reached skill level 18 in Dodging
 57743 | Elf:3    | Identified the cursed ring of the Iron Devil {rC+ MR++
                  | Str-2 Slay-6 SInv}
 57771 | Elf:3    | Identified the ring of Horohal {+Fly rPois rC- MP+9 Str-4}
 57792 | Elf:3    | XOM: give mutation
 57792 | Elf:3    | Lost mutation: Your body often deteriorates upon taking
                  | damage. [Xom's mischief]
 57801 | Elf:3    | XOM: scenery: 1 doors close
 57803 | Elf:3    | XOM: give mutations
 57803 | Elf:3    | Lost mutation: You are extremely resistant to the effects
                  | of hostile enchantments. (MR+++) [Xom's mischief]
 57803 | Elf:3    | Lost mutation: Your muscles are strong. (Str +2) [Xom's
                  | mischief]
 57803 | Elf:3    | Lost mutation: You are surrounded by a mild repulsion
                  | field. (EV +2) [Xom's mischief]
 57803 | Elf:3    | Lost mutation: You have a pair of small horns on your head.
                  | [Xom's mischief]
 57805 | Elf:3    | XOM: chaos upgrade
 57809 | Elf:3    | XOM: summons 2 friendly demons
 57848 | Elf:3    | XOM: blink monster(s)
 57856 | Elf:3    | XOM: confuse monster(s)
 57980 | Elf:3    | XOM: summons 4 hostile demons
 58126 | Elf:3    | XOM: scenery: 1 doors close
 58143 | Elf:3    | XOM: harmless Hex miscast
 58188 | Elf:3    | XOM: summons 6 hostile demons
 58223 | Elf:3    | Identified the Collected Works on Lightness
 58414 | Elf:3    | XOM: harmless Fire miscast
 58430 | Elf:3    | XOM: cloud trail
 58560 | Elf:3    | XOM: harmless Summ miscast
 58609 | Elf:1    | XOM: 4-stop teleportation journey
 58672 | Elf:1    | XOM: fog
 58841 | Vaults:1 | Entered Level 1 of the Vaults
 58913 | Vaults:1 | Reached skill level 1 in Stealth
 58913 | Vaults:1 | XOM: 1-stop teleportation journey
 58916 | Vaults:1 | XOM: scenery: 2 doors open
 58971 | Vaults:1 | XOM: divination: detect creatures
 59143 | Vaults:1 | Found Reig's Gadget Shop.
 59499 | Vaults:1 | XOM is BORED!
 59499 | Vaults:1 | XOM: summons 3 hostile demons
 59539 | Vaults:1 | XOM: medium Summ miscast
 59572 | Vaults:1 | XOM: give mutations
 59572 | Vaults:1 | Gained mutation: You expend magic power (3 MP) to
                  | strengthen your wands. [Xom's mischief]
 59572 | Vaults:1 | Gained mutation: Scrolls take you a little longer to read.
                  | [Xom's mischief]
 59572 | Vaults:1 | Gained mutation: You are dopey. (Int -2) [Xom's mischief]
 59583 | Vaults:1 | XOM: enchant monster (bad)
 59587 | Vaults:1 | XOM: harmless Fire miscast
 59602 | Vaults:1 | XOM: confusion (+ monsters)
 59602 | Vaults:1 | Reached skill level 5 in Stealth
 59616 | Vaults:1 | Reached XP level 21. HP: 139/139 MP: 39/39
 59789 | Vaults:1 | XOM: give mutations
 59789 | Vaults:1 | Lost mutation: You are highly resistant to hostile
                  | enchantments. (MR++) [Xom's mischief]
 59789 | Vaults:1 | Lost mutation: Your body sometimes deteriorates upon taking
                  | damage. [Xom's mischief]
 59789 | Vaults:1 | Lost mutation: You expend magic power (3 MP) to strengthen
                  | your wands. [Xom's mischief]
 59792 | Vaults:1 | XOM: swap monsters
 59795 | Vaults:1 | XOM: blink monster(s)
 59798 | Vaults:1 | XOM: divination: magic mapping
 59932 | Vaults:1 | XOM: harmless Tloc miscast
 59993 | Vaults:1 | XOM: swap monsters
 60005 | Vaults:1 | XOM: scenery: create altars
 60224 | Vaults:1 | You fall through a shaft!
 60290 | Vaults:2 | XOM: fake destruction
 60327 | Vaults:2 | XOM: harmless Tloc miscast
 60340 | Vaults:2 | XOM: swap monsters
 60341 | Vaults:2 | LMAO
 60396 | Vaults:2 | Reached skill level 19 in Dodging
 60509 | Vaults:2 | Found Acacop's Food Emporium.
 60579 | Vaults:2 | XOM: mild Chrm miscast
 60642 | Vaults:2 | XOM: give mutations
 60642 | Vaults:2 | Lost mutation: You are covered in fur. (AC +1) [Xom's
                  | mischief]
 60642 | Vaults:2 | Lost mutation: You are agile. (Dex +2) [Xom's mischief]
 60642 | Vaults:2 | Lost mutation: Scrolls take you a little longer to read.
                  | [Xom's mischief]
 60681 | Vaults:2 | Found Xisiw's Armour Boutique.
 60708 | Vaults:2 | XOM: chaos upgrade
 60784 | Vaults:2 | XOM: swap monsters
 60786 | Vaults:2 | XOM: summons friendly white imp
 60857 | Vaults:2 | Found Tasimeot's Distillery.
 60868 | Vaults:2 | Bought a potion of haste for 180 gold pieces
 60873 | Vaults:2 | Found Luaqyl's Weapon Shop.
 60875 | Vaults:2 | Found Foagut's Jewellery Shop.
 60912 | Vaults:2 | XOM: harmless Fire miscast
 60952 | Vaults:2 | XOM: enchant monster (good)
 60953 | Vaults:2 | XOM: noise
 61050 | Vaults:2 | XOM: scenery: 1 doors close
 61051 | Vaults:2 | XOM: summons friendly ufetubus
 61089 | Vaults:2 | XOM: divination: detect items
 61128 | Vaults:2 | XOM: give mutations
 61128 | Vaults:2 | Gained mutation: You are agile. (Dex +2) [Xom's grace]
 61128 | Vaults:2 | Gained mutation: Your spells are a little harder to cast,
                  | but a little more powerful. [Xom's grace]
 61128 | Vaults:2 | Gained mutation: You have sharp toenails. [Xom's grace]
 61283 | Vaults:2 | Reached skill level 10 in Stealth
 61460 | Vaults:2 | Identified the +8 arbalest of the Revolution {speed, rN+++
                  | Dex-2 SInv} (You found it on level 2 of the Vaults)
 61810 | Vaults:1 | XOM: god gift: scroll of fog
 61927 | Vaults:1 | XOM: silly message
 61930 | Vaults:1 | XOM: divination: detect items
 61938 | Vaults:1 | XOM: divination: detect items
 62094 | Vaults:3 | XOM: divination: detect creatures
 62100 | Vaults:3 | XOM: divination: magic mapping
 62101 | Vaults:3 | XOM: divination: detect creatures
 62177 | Vaults:3 | Found a staircase to the Crypt.
 62184 | Vaults:3 | XOM: potion effect (agility)
 62198 | Vaults:3 | XOM: potion effect (haste)
 62213 | Vaults:3 | XOM: harmless Tmut miscast
 62217 | Vaults:3 | XOM: silly message
 62382 | Vaults:3 | XOM: potion effect (might)
 62516 | Vaults:3 | Identified the +5 dagger "Coall" {drain, *Drain rC+++ Str+3
                  | Dex+3} (You found it on level 3 of the Vaults)
 62534 | Vaults:3 | XOM: harmless Tmut miscast
 62544 | Vaults:3 | XOM: cast spell 'Olgreb's Toxic Radiance'
 62558 | Vaults:3 | XOM: cast spell 'Summon Small Mammal'
 62663 | Vaults:3 | Noticed Nikola
 62681 | Vaults:3 | Killed Nikola
 62843 | Vaults:3 | XOM: mild Tloc miscast
 62864 | Vaults:3 | XOM: noise
 62874 | Vaults:3 | XOM: fog
 62911 | Vaults:3 | XOM: cast spell 'Summon Dragon'
 62928 | Vaults:3 | XOM: summons 2 friendly demons
 62934 | Vaults:3 | XOM: potion effect (magic)
 62954 | Vaults:3 | XOM: confuse monster(s)
 62959 | Vaults:3 | Found the +8 glaive of the Guard {elec, +Rage AC+5 SInv}
 63104 | Vaults:3 | XOM: cloud trail
 63338 | Vaults:3 | Reached XP level 22. HP: 147/147 MP: 40/40
 63511 | Vaults:4 | XOM: confusion (+ monsters)
 63531 | Vaults:4 | XOM: blink monster(s)
 63560 | Vaults:3 | Reached skill level 20 in Dodging
 63571 | Vaults:3 | XOM: confusion (+ monsters)
 63796 | Vaults:4 | XOM: 3-stop teleportation journey
 63835 | Vaults:4 | XOM: enchant monster (bad)
 63961 | Vaults:4 | XOM: mild Chrm miscast
 63977 | Vaults:4 | XOM: polymorph ogre mage -> swamp worm
 64118 | Vaults:4 | XOM: 7-stop teleportation journey
 64158 | Vaults:4 | XOM: stat loss: -1 Int (28/29)
 64336 | Vaults:4 | XOM: noise
 64406 | Vaults:4 | XOM: noise
 64415 | Vaults:4 | XOM: confusion (+ monsters)
 64483 | Vaults:4 | XOM: 4-stop teleportation journey
 64591 | Vaults:4 | XOM: polymorph vault warden -> dire elephant
 64814 | Vaults:4 | XOM: scenery: 1 doors close
 64933 | Vaults:4 | XOM: noise
 65023 | Vaults:4 | XOM: divination: magic mapping
 65028 | Vaults:4 | XOM: noise
 65047 | Vaults:4 | XOM: confusion (+ monsters)
 65206 | Vaults:3 | XOM: mild Pois miscast
 65342 | Depths:1 | Entered Level 1 of the Depths
 65569 | Depths:1 | XOM: silly message
 65575 | Depths:1 | XOM: confuse monster(s)
 65581 | Depths:1 | XOM: divination: magic mapping
 65627 | Depths:1 | XOM: divination: detect creatures
 65640 | Depths:1 | XOM: cleaving
 65657 | Depths:1 | XOM: fog
 65661 | Depths:1 | XOM: summons friendly crimson imp
 65946 | Depths:1 | Found Ovy Uwal's General Store.
 65986 | Depths:1 | Bought a potion of haste for 240 gold pieces
 66021 | Depths:1 | XOM: cleaving
 66055 | Depths:1 | Found a gateway to Hell.
 66081 | Depths:1 | XOM: cast spell 'Alistair's Intoxication'
 66094 | Depths:1 | XOM: fog
 66096 | Depths:1 | XOM: polymorph iron troll -> dire elephant
 66103 | Depths:1 | XOM: scenery: create altars
 66112 | Depths:1 | XOM: polymorph deep troll -> redback
 66138 | Depths:1 | XOM: enchant monster (good)
 66319 | Depths:1 | Found a deep blue altar of Sif Muna.
 66330 | Depths:1 | XOM: 1-stop teleportation journey
 66452 | Depths:1 | XOM: silly message
 66460 | Depths:1 | XOM: swap monsters
 66478 | Depths:1 | Reached skill level 15 in Shields
 66605 | Depths:1 | XOM: harmless Hex miscast
 66795 | Depths:1 | Identified the amulet "Setunwezugu" {RegenMP rPois}
 66887 | Depths:1 | XOM: scenery: 1 doors close
 66891 | Depths:1 | XOM: summons 3 friendly demons
 66899 | Depths:1 | XOM: summons friendly iron imp
 66948 | Depths:1 | XOM: enchant monster (good)
 66969 | Depths:1 | XOM: summons 3 friendly demons
 66972 | Depths:1 | XOM: enchant monster (good)
 67029 | Depths:1 | Identified the Disquisition on Summoning
 67063 | Depths:1 | XOM: mild Ice miscast
 67215 | Depths:2 | XOM: noise
 67215 | Depths:2 | Noticed Saint Roka
 67216 | Depths:2 | not again
 67263 | Depths:2 | Noticed Sojobo
 67277 | Depths:2 | XOM: enchant monster (good)
 67288 | Depths:2 | XOM: divination: detect items
 67305 | Depths:2 | XOM: summons 2 friendly demons
 67312 | Depths:2 | XOM: cleaving
 67318 | Depths:2 | Reached skill level 15 in Stealth
 67329 | Depths:2 | XOM: enchant monster (good)
 67334 | Depths:2 | XOM: divine lightning
 67339 | Depths:2 | XOM: fake destruction
 67342 | Depths:2 | Killed Saint Roka
 67350 | Depths:2 | Killed Sojobo
 67363 | Depths:1 | first try lol
 67366 | Depths:2 | Noticed Asterion
 67368 | Depths:1 | XOM: cleaving
 67420 | Depths:2 | XOM: harmless Necr miscast
 67421 | Depths:2 | Reached skill level 21 in Dodging
 67447 | Depths:2 | Noticed Asterion
 67447 | Depths:2 | Asterion changed into Asterion the quicksilver dragon
 67447 | Depths:2 | XOM: polymorph Asterion -> Asterion the quicksilver dragon
 67459 | Depths:2 | Killed Asterion the quicksilver dragon
 67569 | Depths:2 | XOM: smoke on damage
 67581 | Depths:2 | XOM: fake destruction
 67582 | Depths:2 | XOM: blink monster(s)
 67600 | Depths:2 | Reached XP level 23. HP: 153/153 MP: 33/41
 67601 | Depths:2 | XOM: chaos cloud
 67612 | Depths:2 | XOM: chaos upgrade
 67623 | Depths:2 | XOM: blink monster(s)
 67625 | Depths:2 | XOM: destruction
 67639 | Depths:2 | XOM: summons 2 hostile demons
 67740 | Depths:2 | Found a gateway to a ziggurat.
 68038 | Depths:2 | XOM: polymorph stone giant -> iron dragon
 68143 | Depths:2 | XOM: mild Air miscast
 68169 | Depths:2 | Found a one-way gate to the infinite horrors of the Abyss.
 68226 | Depths:2 | XOM: summons 1 hostile shadow creature
 68435 | Depths:2 | XOM: harmless Erth miscast
 68451 | Depths:3 | Found a transporter.
 68457 | Depths:3 | XOM: give mutations
 68457 | Depths:3 | Gained mutation: You are frail. (-10% HP) [Xom's mischief]
 68457 | Depths:3 | Lost mutation: You are dopey. (Int -2) [Xom's mischief]
 68511 | Depths:3 | Noticed Tinttamiau's ghost (veteran GnWn)
 68513 | Depths:3 | Noticed a caustic shrike
 68514 | Depths:3 | Noticed a caustic shrike
 68569 | Depths:3 | XOM: divination: magic mapping
 68575 | Depths:2 | XOM: enchant monster (bad)
 68663 | Depths:3 | XOM: polymorph centaur -> jelly
 68676 | Depths:2 | XOM: summons 15 friendly demons
 68729 | Depths:2 | XOM: god gift: ring mail {god gift}
 68793 | Depths:3 | XOM: cleaving
 68795 | Depths:3 | XOM: enchant monster (good)
 68797 | Depths:3 | XOM: god gift: wand of disintegration (9)
 68799 | Depths:3 | XOM: cleaving
 68806 | Depths:3 | XOM: enchant monster (good)
 68808 | Depths:3 | XOM: cast spell 'Ring of Flames'
 68811 | Depths:3 | XOM: 1-stop teleportation journey
 68839 | Depths:3 | XOM: fog
 69029 | Depths:3 | XOM: polymorph wolf -> centaur
 69103 | Depths:3 | XOM: polymorph hell hound -> neqoxec
 69207 | Depths:3 | Noticed Jory
 69230 | Depths:3 | Learned a level 5 spell: Borgnjor's Vile Clutch
 69236 | Depths:3 | Learned a level 5 spell: Irradiate
 69239 | Depths:3 | Learned a level 2 spell: Passwall
 69307 | Depths:3 | Found a one-way gate leading to the halls of Pandemonium.
 69334 | Depths:3 | XOM: divination: detect items
 69338 | Depths:3 | Found a basalt altar of Yredelemnul.
 69387 | Depths:3 | XOM: cleaving
 69403 | Depths:3 | Reached skill level 1 in Conjurations
 69403 | Depths:3 | Reached skill level 1 in Necromancy
 69486 | Depths:3 | Killed Jory
 69595 | Depths:3 | Noticed a juggernaut
 69596 | Depths:3 | Found a runed door.
 69604 | Depths:3 | Noticed a juggernaut
 69656 | Depths:3 | XOM: scenery: create altars
 69658 | Depths:3 | XOM: scenery: create altars
 69789 | Depths:3 | XOM: divine lightning
 69810 | Depths:3 | XOM: give mutations
 69810 | Depths:3 | Lost mutation: You are frail. (-10% HP) [Xom's mischief]
 69810 | Depths:3 | Gained mutation: Potions are less effective at restoring
                  | your health. [Xom's mischief]
 69810 | Depths:3 | Lost mutation: You are agile. (Dex +2) [Xom's mischief]
 69810 | Depths:3 | Gained mutation: You have sharp fingernails. [Xom's
                  | mischief]
 69946 | Depths:3 | Found a transporter.
 70440 | Depths:4 | XOM: chaos upgrade
 70481 | Depths:4 | Got a twitching bronze ring
 70482 | Depths:4 | Identified the ring of Vofo {*Corrode *Slow rN+++ MP+9
                  | Str+7} (You found it on level 4 of the Depths)
 70533 | Depths:4 | Reached skill level 22 in Dodging
 70557 | Depths:4 | XOM: polymorph tentacled monstrosity -> tentacled
                  | monstrosity
 70641 | Depths:4 | XOM: noise
 70643 | Depths:4 | XOM: cleaving
 70645 | Depths:4 | XOM: cast spell 'Monstrous Menagerie'
 70650 | Depths:4 | XOM: fog
 70660 | Depths:4 | XOM: divine lightning
 70665 | Depths:4 | Got a clouded silver ring
 70668 | Depths:4 | Identified the ring "Saoviku" {Wiz rN+ Str-5 Int+9} (You
                  | found it on level 4 of the Depths)
 70670 | Depths:4 | XOM: scenery: 1 doors open, 1 doors close
 70707 | Depths:4 | XOM: scenery: 1 doors close
 70767 | Depths:4 | Found a white marble altar of Elyvilon.
 70798 | Depths:4 | XOM: summons friendly white imp
 70805 | Depths:4 | XOM: summons friendly shadow imp
 70808 | Depths:4 | XOM: 3-stop teleportation journey
 70815 | Depths:4 | Noticed Frederick
 70892 | Depths:4 | XOM: fog
 70903 | Depths:3 | XOM: polymorph deep troll -> water nymph
 70904 | Depths:3 | XOM: fog
 70925 | Depths:4 | XOM: enchant monster (good)
 70938 | Depths:4 | XOM: confuse monster(s)
 70939 | Depths:4 | Killed Frederick
 70942 | Depths:4 | XOM: scenery: 1 doors close
 70980 | Depths:4 | XOM: 2-stop teleportation journey
 71097 | Depths:4 | XOM: scenery: 1 doors open, 1 doors close
 71105 | Depths:4 | XOM: scenery: 1 doors close
 71112 | Depths:4 | XOM: cast spell 'Call Canine Familiar'
 71113 | Depths:4 | XOM: cleaving
 71138 | Depths:4 | XOM: confuse monster(s)
 71247 | Depths:4 | XOM: mild Hex miscast
 71280 | Depths:4 | XOM: harmless Conj miscast
 71390 | Depths:4 | Noticed a juggernaut
 71407 | Depths:4 | XOM: mild Necr miscast
 71409 | Depths:4 | XOM: polymorph harpy -> polar bear
 71421 | Depths:4 | XOM: 1-stop teleportation journey
 71512 | Depths:4 | XOM: blink monster(s)
 71535 | Depths:4 | Killed a juggernaut
 71535 | Depths:4 | Reached XP level 24. HP: 149/162 MP: 8/41
 71535 | Depths:4 | XOM: enchant monster (bad)
 71655 | Depths:4 | XOM: enchant monster (good)
 71670 | Depths:4 | XOM: polymorph deep troll shaman -> entropy weaver
 71694 | Depths:4 | Got a steaming iron ring
 71695 | Depths:4 | Identified the ring "Yforeg" {MR+ Stlth+} (You found it on
                  | level 4 of the Depths)
 71823 | Depths:4 | XOM: swap monsters
 71874 | Depths:5 | Entered Level 5 of the Depths
 71879 | Depths:5 | XOM: blink monster(s)
 72107 | Depths:5 | Reached skill level 23 in Dodging
 72134 | Depths:5 | Found a gate to the Realm of Zot.
 72149 | Depths:5 | XOM: confusion (+ monsters)
 72372 | Depths:5 | Noticed a juggernaut
 72385 | Depths:5 | XOM: swap monsters
 72387 | Depths:5 | a juggernaut changed into a caustic shrike
 72387 | Depths:5 | XOM: polymorph juggernaut -> caustic shrike
 72398 | Depths:5 | XOM: polymorph caustic shrike -> acid blob
 72430 | Depths:5 | XOM: polymorph fire dragon -> queen ant
 72590 | Depths:5 | XOM: confusion (+ monsters)
 72597 | Depths:5 | XOM: cast spell 'Call Canine Familiar'
 72727 | Depths:5 | XOM: blink monster(s)
 72861 | Depths:5 | XOM: blink monster(s)
 73028 | Depths:5 | XOM: cleaving
 73034 | Depths:5 | Noticed Margery
 73041 | Depths:5 | XOM: scenery: create altars
 73042 | Depths:5 | XOM: potion effect (brilliance)
 73051 | Depths:5 | Killed Margery
 73206 | Depths:5 | XOM: polymorph deep troll shaman -> great orb of eyes
 73208 | Depths:5 | XOM: medium Air miscast
 73223 | Depths:5 | Reached skill level 10 in Evocations
 73819 | Vaults:3 | XOM: scenery: 1 doors close
 74134 | Depths:2 | Voluntarily entered the Abyss.
 74370 | Abyss:1  | XOM: summons friendly quasit
 74374 | Abyss:1  | XOM: swap monsters
 74380 | Abyss:1  | XOM: mild Pois miscast
 74468 | Abyss:1  | XOM: noise
 74536 | Abyss:1  | XOM: give mutation
 74536 | Abyss:1  | Gained mutation: You have a pair of small antennae on your
                  | head. [Xom's mischief]
 74815 | Abyss:3  | Found a transporter.
 74825 | Abyss:3  | Found a corrupted altar of Lugonu.
 74958 | Abyss:3  | XOM: polymorph unseen horror -> troll
 74980 | Abyss:3  | XOM: enchant monster (good)
 75011 | Abyss:3  | XOM: enchant monster (good)
 75029 | Abyss:3  | Found a corrupted altar of Lugonu.
 75041 | Abyss:3  | Found a corrupted altar of Lugonu.
 75151 | Abyss:3  | XOM: confusion (+ monsters)
 75171 | Abyss:3  | XOM: harmless Chrm miscast
 75213 | Abyss:3  | Learned a level 3 spell: Regeneration
 75238 | Abyss:3  | XOM: cleaving
 75249 | Abyss:3  | XOM: noise
 75251 | Abyss:3  | XOM: confuse monster(s)
 75322 | Abyss:3  | XOM: confuse monster(s)
 75379 | Abyss:3  | XOM: divination: detect creatures
 75510 | Abyss:3  | XOM: potion effect (invisibility)
 75617 | Abyss:3  | XOM: divination: detect items
 75625 | Abyss:3  | Gained mutation: Your magical capacity is low. (-10% MP) [a
                  | cacodemon]
 75626 | Abyss:3  | XOM: chaos cloud
 75638 | Abyss:3  | XOM: cast spell 'Statue Form'
 75647 | Abyss:3  | XOM: mild Tmut miscast
 75652 | Abyss:3  | XOM: confuse monster(s)
 75657 | Abyss:3  | XOM: enchant monster (good)
 75741 | Abyss:3  | XOM: confuse monster(s)
 75770 | Abyss:3  | XOM: cast spell 'Ring of Flames'
 75788 | Abyss:3  | XOM: divination: detect items
 75805 | Abyss:3  | XOM: confusion (+ monsters)
 75840 | Abyss:3  | Got an abyssal rune of Zot
 75843 | Abyss:3  | XOM: mild Tmut miscast
 75983 | Abyss:3  | Learned a level 2 spell: Blink
 75987 | Abyss:3  | XOM: cleaving
 76040 | Abyss:3  | XOM: noise
 76225 | Abyss:4  | XOM: summons 5 hostile demons
 76289 | Abyss:4  | Reached XP level 25. HP: 169/169 MP: 31/37
 76339 | Abyss:4  | XOM: potion effect (might)
 76448 | Abyss:4  | XOM: cast spell 'Call Canine Familiar'
 76450 | Abyss:4  | XOM: confuse monster(s)
 76452 | Abyss:4  | XOM: divine lightning
 76585 | Abyss:5  | XOM: stealth player
 76585 | Abyss:5  | Entered Level 5 of the Abyss
 76602 | Depths:2 | Escaped the Abyss
 76784 | Zot:1    | Entered Level 1 of the Realm of Zot
 76825 | Zot:1    | XOM: summons 2 friendly demons
 76827 | Zot:1    | XOM: confuse monster(s)
 76828 | Zot:1    | Reached skill level 15 in Evocations
 77017 | Depths:5 | Learned a level 1 spell: Summon Butterflies
 77110 | Zot:1    | XOM: medium Ice miscast
 77126 | Zot:2    | XOM: blink monster(s)
 77134 | Zot:1    | XOM: enchant monster (good)
 77219 | Zot:2    | XOM: summons 2 friendly demons
 77230 | Zot:2    | XOM: enchant monster (good)
 77323 | Zot:2    | XOM: divination: magic mapping
 77408 | Zot:2    | XOM: scenery: create altars
 77580 | Zot:2    | XOM: noise
 77597 | Zot:2    | XOM: scenery: create altars
 77613 | Zot:2    | XOM: divination: detect creatures
 77808 | Zot:3    | XOM: confuse monster(s)
 78019 | Zot:3    | XOM: scenery: create altars
 78025 | Zot:3    | Reached skill level 24 in Dodging
 78128 | Zot:4    | XOM: 8-stop teleportation journey
 78135 | Zot:4    | Noticed an orb of fire
 78136 | Zot:4    | XOM: destruction
 78137 | Zot:4    | XOM: scenery: 1 fountains blood, 3 doors open
 78149 | Zot:4    | Gained mutation: Your magical capacity is very low. (-20%
                  | MP) [an orb of fire]
 78151 | Zot:3    | XOM: polymorph white draconian -> seven-headed hydra
 78151 | Zot:3    | Gained mutation: You occasionally shout uncontrollably at
                  | your foes. [an orb of fire]
 78155 | Zot:3    | XOM: fog
 78155 | Zot:3    | Gained mutation: You tend to lose your temper in combat.
                  | [an orb of fire]
 78353 | Zot:3    | XOM: smoke on damage
 78368 | Zot:2    | Gained mutation: Your magical capacity is extremely low.
                  | (-30% MP) [an orb of fire]
 78372 | Zot:2    | Killed an orb of fire
 78504 | Zot:2    | XOM: enchant monster (bad)
 78637 | Depths:5 | XOM: scenery: 1 doors close
 78644 | Depths:4 | XOM: torment (100/172 hp)
 78660 | Depths:4 | XOM: 2-stop teleportation journey
 78854 | D:11     | XOM: noise
 79148 | D:13     | XOM: mild Tloc miscast
 79234 | Depths:3 | XOM: mild Hex miscast
 79418 | Zot:3    | XOM: repel stairs
 79661 | Zot:3    | XOM: harmless Pois miscast
 79780 | Zot:3    | Noticed a shard shrike
 79780 | Zot:3    | XOM: swap monsters
 79814 | Zot:3    | XOM: 1-stop teleportation journey
 79814 | Zot:3    | Noticed a Killer Klown
 79849 | Zot:3    | Killed a Killer Klown
 79855 | Zot:3    | XOM: mild Summ miscast
 79966 | Zot:3    | XOM: torment (179/224 hp)
 79978 | Zot:3    | Killed a shard shrike
 79991 | Zot:3    | XOM: summons 9 hostile demons
 80077 | Zot:3    | XOM: cast spell 'Summon Small Mammal'
 80115 | Zot:3    | XOM: potion effect (haste)
 80173 | Zot:4    | XOM: potion effect (agility)
 80368 | Zot:2    | XOM: silly message
 80434 | Zot:3    | XOM: cast spell 'Olgreb's Toxic Radiance'
 80454 | Zot:3    | Reached XP level 26. HP: 179/179 MP: 19/29
 80456 | Zot:3    | XOM: harmless Conj miscast
 80485 | Zot:2    | XOM: swap monsters
 80496 | Zot:2    | Reached skill level 25 in Dodging
 80503 | Zot:2    | XOM: harmless Pois miscast
 80567 | Zot:2    | XOM: divination: magic mapping
 80725 | Zot:3    | XOM: confuse monster(s)
 80729 | Zot:3    | XOM: cast spell 'Statue Form'
 81531 | D:11     | Bought a book of Dreams for 1125 gold pieces
 81538 | D:11     | Learned a level 6 spell: Shadow Creatures
 81780 | Zot:2    | XOM: give mutations
 81780 | Zot:2    | Lost mutation: You have sharp fingernails. [Xom's mischief]
 81780 | Zot:2    | Lost mutation: Your magical capacity is extremely low.
                  | (-30% MP) [Xom's mischief]
 81780 | Zot:2    | Gained mutation: You have sharp fingernails. [Xom's
                  | mischief]
 81780 | Zot:2    | Lost mutation: You occasionally shout uncontrollably at
                  | your foes. [Xom's mischief]
 81832 | Zot:3    | Reached skill level 1 in Summonings
 81837 | Zot:3    | XOM: 7-stop teleportation journey
 82104 | Zot:3    | Got a slimy hand crossbow
 82219 | Zot:3    | XOM: mild Tloc miscast
 82256 | Zot:3    | XOM: destruction
 82259 | Zot:3    | XOM: confuse monster(s)
 82487 | Zot:4    | XOM: 1-stop teleportation journey
 82504 | Zot:4    | XOM: polymorph wind drake -> black mamba
 82510 | Zot:4    | XOM: divine lightning
 82524 | Zot:4    | Reached skill level 5 in Summonings
 82585 | Zot:4    | XOM: give mutation
 82585 | Zot:4    | Gained mutation: Your movements are slightly less
                  | encumbered by armour. (ER -2) [Xom's grace]
 82600 | Zot:4    | XOM: 3-stop teleportation journey
 82628 | Zot:4    | XOM: summons friendly shadow imp
 82630 | Zot:4    | XOM: cleaving
 82935 | Zot:4    | XOM: summons 3 friendly demons
 82938 | Zot:4    | XOM: summons 5 friendly demons
 82939 | Zot:4    | XOM: polymorph crimson imp -> iron imp
 82951 | Zot:4    | XOM: noise
 83003 | Zot:4    | XOM: polymorph tentacled monstrosity -> hellephant
 83008 | Zot:4    | XOM: severe Necr miscast
 83017 | Zot:4    | XOM: confusion (+ monsters)
 83019 | Zot:4    | XOM: enchant monster (bad)
 83469 | Zot:4    | XOM: enchant monster (good)
 83505 | Zot:4    | XOM: summons 3 friendly demons
 83657 | Zot:4    | XOM: mild Necr miscast
 83679 | Zot:4    | XOM: confusion
 83809 | Zot:4    | XOM: smoke on damage
 83839 | Zot:4    | Reached skill level 10 in Summonings
 83843 | Zot:4    | Found a glowing golden altar of the Shining One.
 84000 | Zot:4    | XOM: give mutation
 84000 | Zot:4    | Lost mutation: Potions are less effective at restoring your
                  | health. [Xom's mischief]
 84020 | Zot:4    | Identified the Compendium of Fire and Brimstone
 84023 | Zot:4    | Identified the cursed +1 hand crossbow of Nihaskeski
                  | {freeze, Int+2} (You found it on level 3 of the Realm of
                  | Zot)
 84045 | Zot:4    | Identified Pisotaus's Catalogue of the Zealot
 84088 | Zot:5    | Entered Level 5 of the Realm of Zot
 84351 | Zot:5    | XOM: fake destruction
 84543 | Zot:5    | XOM: cast spell 'Monstrous Menagerie'
 84552 | Zot:5    | XOM: divination: detect items
 84557 | Zot:5    | XOM: cleaving
 84688 | Zot:5    | Learned a level 5 spell: Summon Mana Viper
 84694 | Zot:5    | Learned a level 5 spell: Summon Forest
 84698 | Zot:5    | XOM: god gift: 10 stones
 84859 | Zot:5    | XOM: confuse monster(s)
 84861 | Zot:5    | XOM: cast spell 'Leda's Liquefaction'
 84980 | Zot:5    | XOM: 3-stop teleportation journey
 84981 | Zot:5    | phew
 85023 | Zot:5    | perfect
 85040 | Zot:5    | Noticed an orb of fire
 85044 | Zot:4    | XOM: polymorph storm dragon -> catoblepas
 85131 | Zot:4    | XOM: divination: magic mapping
 85198 | Zot:4    | XOM: scenery: 1 fountains blood, 1 doors close
 85323 | Zot:5    | Gained mutation: Scrolls take you a little longer to read.
                  | [an orb of fire]
 85338 | Zot:5    | XOM: polymorph purple draconian -> azure jelly
 85339 | Zot:5    | Gained mutation: You are weak. (Str -2) [an orb of fire]
 85350 | Zot:5    | Killed an orb of fire
 85451 | Zot:4    | XOM: give mutation
 85451 | Zot:4    | Lost mutation: You are weak. (Str -2) [Xom's grace]
 85473 | Zot:5    | Noticed an orb of fire
 85476 | Zot:5    | Noticed an ancient lich
 85481 | Zot:5    | XOM: cleaving
 85483 | Zot:5    | Noticed an ancient lich
 85483 | Zot:5    | Noticed an ancient lich
 85491 | Zot:5    | Noticed an ancient lich
 85494 | Zot:5    | XOM: summons friendly quasit
 85798 | Zot:5    | Learned a level 4 spell: Summon Lightning Spire
 85861 | Zot:4    | XOM: god gift: 520 gold pieces
 85888 | Zot:5    | Gained mutation: You are frail. (-10% HP) [the power of
                  | Zot]
 85891 | Zot:5    | XOM: give mutation
 85891 | Zot:5    | Gained mutation: You have a pair of antennae on your head.
                  | [Xom's grace]
 85943 | Zot:4    | XOM: summons friendly shadow imp
 85944 | Zot:4    | Killed an ancient lich
 86115 | Zot:5    | XOM: cloud trail
 86207 | Zot:4    | XOM: god gift: 20 stones
 86444 | Zot:5    | XOM: fog
 86447 | Zot:5    | Gained mutation: You occasionally shout uncontrollably at
                  | your foes. [an orb of fire]
 86460 | Zot:5    | Killed an orb of fire
 86460 | Zot:5    | Reached XP level 27. HP: 151/167 MP: 13/33
 86575 | Zot:5    | Noticed an orb of fire
 86643 | Zot:5    | XOM: divination: magic mapping
 86645 | Zot:5    | XOM: harmless Air miscast
 86650 | Zot:5    | XOM: scenery: 2 doors close
 86661 | Zot:5    | XOM: god gift: wand of acid (13)
 86662 | Zot:5    | Killed an ancient lich
 86662 | Zot:5    | XOM: cast spell 'Ring of Flames'
 86664 | Zot:5    | amazing
 86668 | Zot:5    | XOM: divination: detect creatures
 86678 | Zot:5    | Killed an orb of fire
 86678 | Zot:5    | Reached skill level 15 in Summonings
 86787 | Zot:5    | XOM: summons 10 friendly demons
 86788 | Zot:5    | oh hey
 86800 | Zot:5    | Killed an ancient lich
 86881 | Zot:4    | XOM: give mutation
 86881 | Zot:4    | Lost mutation: Your magical capacity is very low. (-20% MP)
                  | [Xom's mischief]
 86934 | Zot:5    | XOM: chaos upgrade
 87030 | Zot:5    | XOM: polymorph ghost moth -> catoblepas
 87031 | Zot:5    | good
 87033 | Zot:5    | XOM: polymorph shadow dragon -> golden dragon
 87035 | Zot:5    | Noticed an ancient lich
 87051 | Zot:5    | Killed an ancient lich
 87177 | Zot:5    | XOM: summons friendly neqoxec
 87178 | Zot:5    | XOM: harmless Fire miscast
 87305 | Zot:5    | XOM: harmless Summ miscast
 87666 | Zot:5    | XOM: scenery: create altars
 87675 | Zot:5    | XOM: mild Chrm miscast
 87752 | Zot:5    | XOM: harmless Tloc miscast
 87753 | Zot:5    | XOM: harmless Tmut miscast
 87763 | Zot:5    | XOM: give mutations
 87763 | Zot:5    | Lost mutation: Your magical capacity is low. (-10% MP)
                  | [Xom's mischief]
 87763 | Zot:5    | Lost mutation: You tend to lose your temper in combat.
                  | [Xom's mischief]
 87763 | Zot:5    | Lost mutation: Scrolls take you a little longer to read.
                  | [Xom's mischief]
 87763 | Zot:5    | Lost mutation: You are frail. (-10% HP) [Xom's mischief]
 87764 | Zot:5    | nice
 87802 | Zot:5    | XOM: noise
 87843 | Zot:5    | XOM: polymorph ghost moth -> satyr
 87850 | Zot:5    | XOM: noise
 87992 | Zot:5    | Killed an ancient lich
 88115 | Zot:5    | XOM: harmless Pois miscast
 88373 | Zot:5    | Got the Orb of Zot
 88596 | Depths:4 | Noticed Maon the pandemonium lord
 88707 | D:15     | XOM: god gift: 21 gold pieces
 88990 | D:3      | XOM: medium Necr miscast
 89062 | D:1      | gg
 89063 | D:$      | Escaped with the Orb!

Vault maps used:
D:1:      elethiomel_arrival_quiet, chequers_arboretum
D:2:      minmay_chambers_of_twos, nicolae_ashenzari_panopticon
D:3:      first_ration
D:4:      gammafunk_temple_overflow_forgotten, uniq_natasha, uniq_blork_the_orc,
          uniq_pikel
D:5:      minmay_temple_entry_hall, ebering_ghost_sewer_d, serial_bayou_pond_a,
          nrook_mini_vaults, uniq_eustachio
D:6:      lemuel_round_altar, lemuel_coloured_pillars_altar, uniq_menkaure,
          uniq_duvessa, uniq_edmund
D:7:      kennysheep_mini_moat, old_standard_altar, uniq_prince_ribbit1
D:8:      brannock_xom_greatest_gift
D:9:      old_standard_altar, serial_shops, shop, shop, nicolae_shop_trees,
          nicolae_shop_behind_doors, shop, hangedman_pestilent_swarm,
          hangedman_weighted_door
D:10:     basic_altar, serial_shops, shop, shop, shop, nicolae_shop_trees,
          minmay_fountain_box, lemuel_oklob_altar
D:11:     lair_entry_dummy, orc_0_dummy, serial_shops, kennysheep_little_box,
          nicolae_shop_statue_plus, shop_statue, shop_statue,
          nicolae_shop_stone, portal_ice_cave_entry_pillars_1, minivault_16,
          uniq_snorg
D:12:     grunt_decor_resistance, grunt_ministairs_10
D:13:     ebering_ghost_inner_flame, makhleb_altar_promises_db, uniq_azrael
D:14:     minmay_the_grid_square_5x5_5x5, serial_shops, shop, uniq_josephine
D:15:     grunt_enter_depths_giant_problem, palyth_stone_intersect, uniq_louise
Lair:1:   wad_woods_minihive, guppyfry_lair_drakes
Lair:2:   chequers_serial_rivers_small_b, grunt_megastairs_5
Lair:3:   minmay_snake_entry_guardpost_medium, special_room, grunt_megastairs_2,
          infiniplex_staircase_pool, serial_bayou_shore_a
Lair:4:   palyth_hydra_swamp_entry, minmay_holes
Lair:5:   chequers_serial_rivers_marsh, beast_lair_carwin_4,
          infiniplex_staircase_pool_2, minmay_lair_oklob_chamber, uniq_nessos
Lair:6:   due_jungle_book, slime_dummy, ebering_ghost_reflecting_pool,
          zaba_antful_of_joy, grunt_megastairs_3, uniq_kirke
Swamp:1:  hangedman_swamp_cone
Swamp:2:  lemuel_altar_in_water, uniq_roxanne
Swamp:3:  evilmike_swamp_ruin_house_2, swamp_pool3,
          nicolae_swamp_alligator_family
Swamp:4:  swamp_icy
Snake:1:  serial_bayou_shore_b
Snake:2:  minmay_shop_star
Snake:3:  serial_shops, shop, uniq_agnes
Snake:4:  snake_pit, st_stairs_14, grunt_ministairs_5
Orc:1:    chequers_guarded_unrand_ignorance
Orc:2:    grunt_orc_cross, serial_shops, shop, gauntlet_entry_generic
Elf:1:    eino_elf_arrival_customs, basic_altar, minmay_elf_demonology,
          minmay_misc_feat_columns, st_stairs_9, hex_tiny
Elf:2:    uniq_donald
Elf:3:    nooodl_elf_gasket
Vaults:1: vaults_room_pool, vaults_mumra_hexcomb, nicolae_vaults_network_square,
          nicolae_vaults_network_periphery, ontoclasm_vaults_bender,
          hangedman_vaults_corner, nicolae_vaults_rhombus_6, serial_shops,
          nicolae_shop_behind_doors
Vaults:2: vaults_mumra_lcd, v_misc_24, hangedman_vaults_pinch, v_misc_32,
          v_alt_pattern_3, ontoclasm_vaults_shuriken, vaults_mumra_bighexcomb,
          hangedman_vaults_nodes, grunt_vaults_funnel, v_misc_5,
          nicolae_vaults_yaktaur_gun_rack, vaults_dpeg_cross, serial_shops,
          nicolae_shop_trees, nicolae_shop_waterfront, nicolae_shop_trees,
          nicolae_shop_crystal, nicolae_shop_waterfront
Vaults:3: vaults_room_semicircle, ontoclasm_vaults_misaligned,
          hangedman_vaults_capsules, v_misc_19, vaults_room_large_hall,
          vaults_room_semicircle, vaults_room_octagon,
          minmay_guarded_unrand_guard_vaults, nicolae_vaults_rhombus_5,
          minmay_crypt_entry_simple_round, vaults_room_large_hall,
          nicolae_vaults_twisting_passages, ontoclasm_vaults_ring_small,
          v_misc_19, vaults_dpeg_ring, uniq_nikola
Vaults:4: hangedman_vaults_restitches, nicolae_vaults_network_star,
          hangedman_vaults_cutoff, v_misc_27, v_alt_pattern_3,
          vaults_dpeg_spiral, hangedman_vaults_trim,
          nicolae_vaults_little_squares_1, vaults_room_hallway,
          vaults_room_door_hall, vaults_room_pool
Depths:1: serial_shops, shop, minmay_misc_feat_four_crosses, hell_entry,
          hangedman_summoners_spam, serial_bayou_shore_b,
          roderic_lattice_octagonal_star, serial_bayou_shore_b,
          serial_bayou_shore_b, infiniplex_staircase_pool_lava
Depths:2: minmay_inner_zag, enter_ziggurat_f, pf_coc_iceberg,
          hangedman_decor_clover_reticule, abyss_entry, infiniplex_staircase_x,
          uniq_sojobo, uniq_asterion, uniq_saint_roka
Depths:3: lemuel_vampire_tower, pan_entry, pf_hell_entry_tar_spiral,
          gammafunk_ghost_berserking_beasts, minmay_st_funbox,
          minmay_misc_feat_ornament, minmay_staircase_statues_hall_small
Depths:4: hangedman_spin_cycle, abyss_entry, hell_entry, uniq_frederick
Depths:5: grunt_zot_entry_tricorne, chequers_serial_rivers_small_b,
          grunt_hell_entry_dis_mu, uniq_margery, uniq_jory
Zot:2:    lemuel_halls_of_wrath, zot_minivault_2
Zot:3:    hangedman_zot_spectrum
Zot:4:    nicolae_zot_draconian_monastery, skrybe_zot_glass_1
Abyss:1:  evilmike_abyss_exit_8
Abyss:3:  gammafunk_corrupted_shrine
Abyss:4:  doesnt_abyss_rune_brain_food, evilmike_abyss_exit_16
Abyss:5:  guppyfry_abyss_exit_glass_guarded,
          evilmike_nicolae_abyss_rune_betentacled_crabyss, bh_abyss_exit_grid,
          minivault_5, evilmike_abyss_exit_10
Gauntlet: minmay_gauntlet_mixed_oops_all_seconds

Skill      XL: |  1  2  3  4  5  6  7  8  9 10 11 12 13 14 15 16 17 18 19 20 21 22 23 24 25 26 27 |
---------------+----------------------------------------------------------------------------------+-----
Short Blades   | 4 5 6 7 9 10 14 | 14.0
Fighting       | 3 4 5 7 8 9 10 12 14 15 16 17 18 19 20 | 20.4
Dodging        | 9 13 15 16 17 18 19 21 22 23 24 25 | 25.3
Evocations     | 5 8 14 15 | 15.1
Armour         | 4 5 |  5.0
Spellcasting   | 3 12 | 12.1
Charms         | 6 7 |  7.9
Ice Magic      | 4 6 |  6.0
Shields        | 1 7 10 11 12 13 14 15 | 15.0
Transmutations | 5 10 11 | 11.0
Earth Magic    | 5 10 11 | 11.0
Stealth        | 5 10 16 17 | 17.0
Conjurations   | 4 |  4.0
Necromancy     | 4 |  4.1
Summonings     | 14 17 | 17.5

Action                   |  1- 3 |  4- 6 |  7- 9 | 10-12 | 13-15 | 16-18 | 19-21 | 22-24 | 25-27 || total
-------------------------+-------+-------+-------+-------+-------+-------+-------+-------+-------++-------
Melee: Short sword       |   108 |   191 |   408 |   824 |       |       |       |       |       ||  1531
       Kick              |       |       |   119 |   473 |   930 |     1 |   202 |  1144 |   396 ||  3265
       Quick blade       |       |       |       |   586 |  2663 |  2829 |  1956 |  3556 |   470 || 12060
       Rapier            |       |       |       |       |   521 |   146 |       |       |  1434 ||  2101
       Headbutt          |       |       |       |       |       |   389 |    96 |       |       ||   485
Throw: Throwing net      |       |       |       |       |       |       |       |       |     1 ||     1
 Cast: Ozocubu's Armour  |       |       |       |       |    22 |    91 |       |       |       ||   113
       Statue Form       |       |       |       |       |       |    25 |    62 |   112 |    47 ||   246
       Borgnjor's Vile C |       |       |       |       |       |       |       |    21 |    39 ||    60
       Irradiate         |       |       |       |       |       |       |       |     8 |    20 ||    28
       Regeneration      |       |       |       |       |       |       |       |     7 |       ||     7
       Passwall          |       |       |       |       |       |       |       |       |     5 ||     5
       Shadow Creatures  |       |       |       |       |       |       |       |       |    30 ||    30
       Summon Mana Viper |       |       |       |       |       |       |       |       |     9 ||     9
       Summon Lightning  |       |       |       |       |       |       |       |       |    11 ||    11
       Summon Forest     |       |       |       |       |       |       |       |       |     3 ||     3
       Summon Butterflie |       |       |       |       |       |       |       |       |     1 ||     1
 Abil: End Transformatio |       |       |       |       |       |     2 |     3 |     9 |     3 ||    17
Evoke: Fan of gales      |       |       |     1 |       |     1 |       |     1 |     1 |       ||     4
       Wand              |       |       |       |    12 |    22 |    24 |     9 |    19 |    11 ||    97
       Lamp of fire      |       |       |       |       |     2 |     3 |     2 |     2 |       ||     9
       Lightning rod     |       |       |       |       |       |       |       |     6 |       ||     6
  Use: Scroll            |       |     7 |     5 |    19 |    21 |     9 |    11 |    13 |    18 ||   103
       Potion            |       |     1 |     1 |     2 |    11 |     8 |     1 |     7 |     7 ||    38
 Stab: Sleeping          |     1 |       |     2 |     4 |     1 |     3 |     9 |    16 |    11 ||    47
       Paralysed         |       |       |     2 |     4 |     9 |     4 |       |     8 |       ||    27
       Confused          |       |       |     2 |     4 |    21 |    18 |    11 |    17 |     9 ||    82
       Petrifying        |       |       |       |     1 |     4 |     8 |       |     1 |       ||    14
       Distracted        |       |       |       |     1 |     3 |    11 |     1 |    11 |    18 ||    45
       Petrified         |       |       |       |       |     8 |       |     2 |       |       ||    10
       Invisible         |       |       |       |       |    16 |     4 |    12 |     4 |       ||    36
       Betrayed ally     |       |       |       |       |       |       |       |       |     1 ||     1
  Eat: Chunk             |     3 |     9 |    15 |    28 |    39 |    25 |    37 |    47 |    15 ||   218
       Ration            |       |       |       |     2 |     7 |    13 |     1 |     8 |    12 ||    43
Armor: Leather armour    |    21 |    44 |    76 |   141 |   258 |   217 |       |       |       ||   757
       Skin              |       |       |       |       |     1 |    72 |    94 |   255 |   123 ||   545
       Robe              |       |       |       |       |       |     2 |       |     7 |    15 ||    24
Dodge: Dodged            |    79 |   114 |   175 |   999 |  1554 |  1485 |   898 |  1804 |  1047 ||  8155
Block: Shield            |       |       |       |       |   337 |  1305 |   841 |  1813 |   925 ||  5221
       Large shield      |       |       |       |       |       |    49 |       |       |       ||    49

Table legend:
 A = Non-vault XP
 B = Vault XP
 C = Vault XP percentage of total XP
 D = Non-vault monster count
 E = Vault monster count
 F = Vault count percentage of total count
                 A         B        C        D         E       F
            +---------+---------+-------+---------+---------+-------
      Total |  777455 |  699739 |  47.4 |    1531 |     875 |  36.4
            +---------+---------+-------+---------+---------+-------
        D:1 |      28 |       0 |   0.0 |      15 |       0 |   0.0
        D:2 |      82 |      24 |  22.6 |      21 |       8 |  27.6
        D:3 |     162 |       0 |   0.0 |      24 |       0 |   0.0
        D:4 |     212 |     663 |  75.8 |      12 |       3 |  20.0
        D:5 |     733 |     196 |  21.1 |      22 |       1 |   4.3
        D:6 |    1837 |     394 |  17.7 |      24 |       3 |  11.1
        D:7 |    1270 |     186 |  12.8 |      38 |       1 |   2.6
        D:8 |    1699 |       0 |   0.0 |      23 |       0 |   0.0
        D:9 |    2243 |     683 |  23.3 |      25 |       9 |  26.5
       D:10 |    1773 |       0 |   0.0 |      33 |       0 |   0.0
       D:11 |    3556 |    1554 |  30.4 |      31 |      19 |  38.0
       D:12 |   11526 |     906 |   7.3 |      39 |      14 |  26.4
       D:13 |    6547 |    5755 |  46.8 |      27 |      15 |  35.7
       D:14 |    8748 |   19034 |  68.5 |      32 |      43 |  57.3
       D:15 |    8611 |    3683 |  30.0 |      24 |       2 |   7.7
     Lair:1 |    1510 |    2262 |  60.0 |       5 |      34 |  87.2
     Lair:2 |    1688 |      96 |   5.4 |       9 |       1 |  10.0
     Lair:3 |    4842 |    1461 |  23.2 |      15 |       7 |  31.8
     Lair:4 |    4658 |    1872 |  28.7 |      20 |       6 |  23.1
     Lair:5 |   12122 |    4548 |  27.3 |      31 |      15 |  32.6
     Lair:6 |   21528 |   11482 |  34.8 |      52 |      54 |  50.9
    Swamp:1 |   20324 |       0 |   0.0 |      54 |       0 |   0.0
    Swamp:2 |   18442 |    2757 |  13.0 |      37 |       2 |   5.1
    Swamp:3 |    9970 |    2633 |  20.9 |      22 |       2 |   8.3
    Swamp:4 |   10369 |    7509 |  42.0 |      22 |      27 |  55.1
    Snake:1 |    8416 |       0 |   0.0 |      18 |       0 |   0.0
    Snake:2 |   17115 |    1136 |   6.2 |      34 |       1 |   2.9
    Snake:3 |   14706 |       0 |   0.0 |      28 |       0 |   0.0
    Snake:4 |   20082 |   35440 |  63.8 |      42 |      50 |  54.3
      Orc:1 |    2952 |    1996 |  40.3 |      20 |       5 |  20.0
      Orc:2 |    3716 |    6379 |  63.2 |      25 |      29 |  53.7
      Elf:1 |    9685 |   10362 |  51.7 |      17 |      17 |  50.0
      Elf:2 |   18875 |    3119 |  14.2 |      34 |       5 |  12.8
      Elf:3 |   16441 |   60169 |  78.5 |      29 |      40 |  58.0
   Vaults:1 |   27649 |   11447 |  29.3 |      60 |      26 |  30.2
   Vaults:2 |   25997 |   15826 |  37.8 |      40 |      37 |  48.1
   Vaults:3 |   30746 |   36885 |  54.5 |      46 |      29 |  38.7
   Vaults:4 |   35431 |   11980 |  25.3 |      59 |      16 |  21.3
   Depths:1 |   47177 |    8536 |  15.3 |      62 |      14 |  18.4
   Depths:2 |   29222 |   19787 |  40.4 |      43 |      21 |  32.8
   Depths:3 |   27456 |   32351 |  54.1 |      25 |      51 |  67.1
   Depths:4 |       0 |   84603 | 100.0 |       0 |      83 | 100.0
   Depths:5 |   35953 |   31088 |  46.4 |      32 |      21 |  39.6
      Zot:1 |   19074 |    2095 |   9.9 |       9 |       1 |  10.0
      Zot:2 |   31347 |   24398 |  43.8 |      17 |      16 |  48.5
      Zot:3 |   37670 |   49700 |  56.9 |      25 |      33 |  56.9
      Zot:4 |   60334 |   44524 |  42.5 |      35 |      28 |  44.4
      Zot:5 |   29670 |  111512 |  79.0 |      19 |      30 |  61.2
    Abyss:1 |    7346 |    5635 |  43.4 |      19 |       4 |  17.4
    Abyss:3 |   36853 |   19354 |  34.4 |      83 |      41 |  33.1
    Abyss:4 |   29062 |       0 |   0.0 |      53 |       0 |   0.0
    Abyss:5 |       0 |    1231 | 100.0 |       0 |       6 | 100.0
   Gauntlet |       0 |    2488 | 100.0 |       0 |       5 | 100.0
            +---------+---------+-------+---------+---------+-------
